Cogmind - Beta 13 @@@ ROGUE MODE // 2024.06.13 @ 13:38:34 Player: dp-fld Result: Destroyed by S-43 Plague with Heavy Machine Gun Performance ------------- Evolutions (9) 4500 Regions Visited (42) 8400 Robots Destroyed (293) 1465 Value Destroyed (9702) 9702 Prototype IDs (116) 2320 Alien Tech Used (10) 2000 Bonus (6454) 6454 TOTAL SCORE: 34841 Bonus ------- Triggered High Security 500 High Alert Combat Kills 1335 Follower Combat Kills 757 Met Data Miner 300 Met Imprinter 300 Met Zhirov 300 Met Warlord at Base 500 MAIN.C Attacked Warlord 500 Warlord Defense Kills 134 Met Warlord at Research 2000 Friendly Fire -172 Cogmind --------- Core Integrity 0/1600 Matter 300/300 Energy 350/350 System Corruption 0% Temperature Cool (0) Movement Core (50) Location -1/Command Parts ------- > --- POWER (2) -------- (None) > --- PROPULSION (7) --- (None) > --- UTILITY (14) ----- (None) > --- WEAPON (3) ------- (None) > --- INVENTORY (5) ---- Improved Ion Engine Cooled VTOL Module Tachyon Dispersion Ray Mini Smartbomb Launcher Lance Peak State ------------ > --- POWER ------------ Micro Antimatter Reactor Light Quantum Reactor > --- PROPULSION ------- Field Propulsion Drive Cooled Field Propulsion Drive Cooled Field Propulsion Drive Q-thruster Improved Diametric Drive Improved Diametric Drive Improved Diametric Drive > --- UTILITY ---------- Advanced Power Amplifier Large Storage Unit Advanced Gravity Neutralizer Experimental Sensor Array Experimental Signal Interpreter Experimental Melee Analysis Suite Experimental Melee Analysis Suite Experimental Core Analyzer Experimental Core Analyzer Experimental Transmission Jammer ECM Suite Experimental Phase Shifter Centrium Light Armor Plating Experimental Thermal Shield > --- WEAPON ----------- Mini Smartbomb Launcher Core Stripper > --- INVENTORY -------- Light Quantum Reactor Cooled VTOL Module Impulse Thruster Experimental Matter Compressor Nanoactuators Graphene Brace Antimissile System Long-range Tractor Beam Transdimensional Reconstructor Subatomic Replicator Tachyon Dispersion Ray Enhanced Nova Cannon Nanosword Lance Force Lance [Rating: 229] Favorites ----------- Power Micro Antimatter Reactor Engine Deuterium Engine Power Core Light Nuclear Core Reactor Micro Antimatter Reactor Propulsion Cooled VTOL Module Treads Improved Treads Leg Aluminum Leg Flight Unit Cooled VTOL Module Utility Advanced Hacking Suite Device Experimental Sensor Array Storage Medium Storage Unit Processor Experimental Core Analyzer Hackware Advanced Hacking Suite Protection Experimental Utility Shielding Artifact Phase Armor Weapon Heavy Pick Energy Gun Medium Laser Energy Cannon Enhanced Nova Cannon Ballistic Gun Assault Rifle Ballistic Cannon Flak Cannon Launcher Mini Grenade Launcher Impact Weapon Powered Hammer Slashing Weapon Katana Piercing Weapon Heavy Pick Special Melee Weapon Improved Datajack Build | -11 -10 -10 -9 -9 -9 -8 -8 -7 -7 -7 -7 -7 -7 -6 -6 -6 -6 -6 -6 -6 -5 -5 -5 -5 -5 -5 -5 -4 -4 -4 -4 -4 -4 -4 -3 -3 -3 -3 -2 -2 -1 -1 ------- Run | Yrd Mat Min Mat Min Exi Min Mat Fac Was Fac Low Low Dat Pro Fac Was Fac Low Low Zio Pro Fac Was Fac Upp Upp War Pro Fac Was Fac Upp Upp Zhi Pro Res Qua Sec Res Tes Acc Com Slots Evolved 16 | . . . 2 . . . 2 2 . . . . . . 2 . . . . . . 2 . . . . . . 2 . . . . . . 2 . . 2 . . . Power 1 | . . . . . . . . . . . . . . . . . . . . . . . . . . . . . . . . . . . . . . . 1 . . . Propulsion 5 | . . . 1 . . . 1 . . . . . . . 1 . . . . . . . . . . . . . . . . . . . . 1 . . 1 . . . Utility 10 | . . . 1 . . . 1 2 . . . . . . 1 . . . . . . 2 . . . . . . 2 . . . . . . 1 . . . . . . Weapon . | . . . . . . . . . . . . . . . . . . . . . . . . . . . . . . . . . . . . . . . . . . . Parts Attached 650 | 1 11 3 32 2 2 4 47 17 . 48 9 4 7 3 53 . 12 2 1 3 7 5 . 30 2 10 23 4 53 . 35 5 2 3 8 26 31 38 36 14 35 22 Power 46 | . 1 1 . . . . 3 3 . 3 2 . . . 3 . 1 . . . . . . 3 . . 4 . 2 . 2 . . . . 3 . 1 6 1 5 2 Engine 8 | . 1 1 . . . . 1 . . . . . . . 1 . . . . . . . . . . . . . 2 . 1 . . . . . . . . . 1 . Core 24 | . . . . . . . 2 3 . 3 2 . . . 2 . 1 . . . . . . 3 . . 4 . . . 1 . . . . . . . 3 . . . Reactor 14 | . . . . . . . . . . . . . . . . . . . . . . . . . . . . . . . . . . . . 3 . 1 3 1 4 2 Propulsion 71 | . 4 1 13 . . 1 14 4 . 1 1 . . . 2 . 7 . . . . . . 1 . . 1 . 2 . 1 . . . . 6 . . 3 2 4 3 Treads 19 | . . . 8 . . 1 10 . . . . . . . . . . . . . . . . . . . . . . . . . . . . . . . . . . . Leg 9 | . 4 1 4 . . . . . . . . . . . . . . . . . . . . . . . . . . . . . . . . . . . . . . . Wheel . | . . . . . . . . . . . . . . . . . . . . . . . . . . . . . . . . . . . . . . . . . . . Hover . | . . . . . . . . . . . . . . . . . . . . . . . . . . . . . . . . . . . . . . . . . . . Flight 43 | . . . 1 . . . 4 4 . 1 1 . . . 2 . 7 . . . . . . 1 . . 1 . 2 . 1 . . . . 6 . . 3 2 4 3 Utility 367 | 1 4 1 11 . . 2 15 7 . 36 3 3 4 3 37 . 3 2 1 1 3 4 . 21 2 7 11 2 35 . 25 5 2 3 8 11 26 25 13 4 17 9 Device 257 | 1 1 1 4 . . 1 6 3 . 30 2 2 2 3 26 . 2 1 1 . 3 2 . 15 2 5 7 1 26 . 20 4 2 . 5 7 19 23 7 3 13 7 Storage 13 | . 2 . 2 . . . . 1 . . . . . . 2 . . . . . . . . . . 1 1 . . . 1 . . . . 1 1 . . . 1 . Processor 22 | . . . . . . . 3 1 . 1 . . 1 . 3 . . . . . . . . 2 . . 1 . 2 . . . . . 1 1 1 . 3 . 1 1 Hackware 11 | . . . . . . . 1 2 . 2 . 1 . . 3 . . . . . . . . . . . . . 2 . . . . . . . . . . . . . Protection 63 | . 1 . 5 . . 1 5 . . 3 1 . 1 . 3 . 1 1 . 1 . 2 . 4 . 1 2 1 5 . 4 1 . 3 2 2 4 2 3 1 2 1 Artifact 1 | . . . . . . . . . . . . . . . . . . . . . . . . . . . . . . . . . . . . . 1 . . . . . Weapon 166 | . 2 . 8 2 2 1 15 3 . 8 3 1 3 . 11 . 1 . . 2 4 1 . 5 . 3 7 2 14 . 7 . . . . 6 5 12 14 7 9 8 Energy Gun 1 | . . . . . . . . . . . . . . . . . . . . . . . . . . . . . . . . . . . . . . . . 1 . . Energy Cannon 22 | . . . . . . . . . . . . . . . . . . . . . . . . . . 2 1 1 3 . 2 . . . . 3 1 5 . 1 3 . Ballistic Gun 7 | . 2 . 2 1 . . 1 . . . . . . . 1 . . . . . . . . . . . . . . . . . . . . . . . . . . . Ballistic Cannon 12 | . . . 3 . . 1 8 . . . . . . . . . . . . . . . . . . . . . . . . . . . . . . . . . . . Launcher 41 | . . . 2 1 1 . 4 . . 2 2 . 1 . . . 1 . . 1 1 . . 2 . . . . 6 . 4 . . . . . 1 1 5 1 2 3 Special Weapon . | . . . . . . . . . . . . . . . . . . . . . . . . . . . . . . . . . . . . . . . . . . . Impact Weapon 5 | . . . . . . . 1 1 . . . . . . 1 . . . . . . . . . . . . . . . . . . . . . 1 . . . . 1 Slashing Weapon 27 | . . . 1 . . . . . . 4 1 1 1 . 2 . . . . . . . . . . . 3 1 2 . . . . . . . . 2 4 1 3 1 Piercing Weapon 37 | . . . . . . . . . . 1 . . . . 5 . . . . . 2 1 . 2 . 1 . . 3 . 1 . . . . 3 2 4 5 3 1 3 Special Melee Weapon 14 | . . . . . 1 . 1 2 . 1 . . 1 . 2 . . . . 1 1 . . 1 . . 3 . . . . . . . . . . . . . . . Unidentified Prototypes 30 | . . . 2 . . . 1 1 . 2 . . . . 4 . . . . . . . . . . 1 6 . . . . . . 2 . . 2 5 2 2 . . Corrupted Parts 3 | . . 3 . . . . . . . . . . . . . . . . . . . . . . . . . . . . . . . . . . . . . . . . System Corruption 10 | . . 10 . . . . . . . . . . . . . . . . . . . . . . . . . . . . . . . . . . . . . . . . Parts Lost 36 | . . . 1 . . . 2 1 . . . . . . . . . . . . . . . 6 . . . . . . . . . . . 1 . 2 1 1 8 13 Power 10 | . . . . . . . 1 1 . . . . . . . . . . . . . . . 2 . . . . . . . . . . . . . 1 . . 2 3 Propulsion 8 | . . . . . . . . . . . . . . . . . . . . . . . . 1 . . . . . . . . . . . . . . 1 1 1 4 Utility 14 | . . . 1 . . . 1 . . . . . . . . . . . . . . . . 3 . . . . . . . . . . . . . 1 . . 2 6 Weapon 4 | . . . . . . . . . . . . . . . . . . . . . . . . . . . . . . . . . . . . 1 . . . . 3 . Highest Loss Streak 12 | . . . 1 . . . 1 1 . . . . . . . . . . . . . . . 3 . . . . . . . . . . . 1 . 1 1 1 2 12 To Critical Strikes . | . . . . . . . . . . . . . . . . . . . . . . . . . . . . . . . . . . . . . . . . . . . Average Slot Usage (%) 98 | . 99 99 99 100 100 100 98 91 92 98 100 100 100 100 99 100 100 100 100 100 100 99 100 99 100 100 99 100 99 100 99 100 100 100 100 99 97 97 98 99 97 83 Engine 3 | . 14 14 11 11 11 11 6 . . . . . . . . . . . . . . . . . . . . . 2 5 5 5 5 5 5 2 . . . . . . Core 2 | . . . . . . . 2 7 7 7 7 7 7 7 5 6 6 6 6 6 6 5 5 5 5 5 5 5 2 . . . . . . . . . 2 . . . Reactor 1 | . . . . . . . . . . . . . . . . . . . . . . . . . . . . . . . . . . . . 1 4 4 3 6 6 5 Treads 6 | . . . 23 33 33 33 35 . . . . . . . . . . . . . . . . . . . . . . . . . . . . . . . . . . . Leg 2 | . 28 27 8 . . . . . . . . . . . . . . . . . . . . . . . . . . . . . . . . . . . . . . . Flight 20 | . . . . . . . . 29 30 30 30 30 30 30 33 33 33 33 33 33 33 29 29 28 29 29 29 29 25 26 26 26 26 26 26 27 28 27 25 25 25 22 Device 8 | . 4 . 9 . . 1 7 9 7 7 7 5 6 7 7 6 6 5 6 6 5 10 11 10 5 6 5 5 9 10 8 9 8 6 8 8 8 9 14 17 18 23 Storage 6 | . 14 14 11 11 11 11 9 7 7 7 7 7 7 7 6 6 6 6 6 6 6 5 5 5 5 5 7 5 5 5 5 5 5 5 5 4 4 4 3 3 3 2 Processor 10 | . . . . . . . 9 4 7 12 15 15 16 23 13 13 13 13 13 13 13 11 11 11 17 16 16 17 17 15 15 15 15 15 15 14 14 9 11 11 11 15 Hackware 13 | . . . . . . . . 22 23 16 15 16 13 7 14 20 20 20 20 20 20 17 17 17 17 17 17 17 22 26 26 26 26 26 26 23 23 22 18 15 12 . Protection 5 | . 9 14 12 22 22 20 8 . . . . . . . 2 . . . . . . 5 5 4 5 4 3 5 2 . 1 . 1 3 2 4 4 7 3 3 5 2 Ballistic Gun 2 | . 24 28 9 6 . . . . . . . . . . . . . . . . . . . . . . . . . . . . . . . . . . . . . . Ballistic Cannon 2 | . . . 11 11 11 13 17 . . . . . . . . . . . . . . . . . . . . . . . . . . . . . . . . . . . Launcher 1 | . . . . 4 1 8 . . . . 4 7 . 7 . . . 6 6 1 . . . . 5 4 . . 2 5 4 5 5 5 5 . 1 . 1 3 3 1 Slashing Weapon 1 | . . . . . . . . . . 5 2 . 6 . 1 . . . . . . . . . . . 3 5 2 . . . . . . . . 3 2 2 1 1 Piercing Weapon 4 | . . . . . . . . . . 6 7 7 7 7 8 13 13 6 6 6 12 10 11 10 5 5 5 5 5 5 4 5 5 5 5 8 4 4 4 2 3 2 Naked Turns 43 | . . . . . . . . . . . . . . . . . . . . . . . . . . . . . . . . . . . . . . . . . . 43 Heaviest Build 109 | 13 30 36 106 106 104 109 108 20 19 21 20 20 22 21 26 24 24 23 22 23 25 28 28 28 23 26 35 25 36 28 29 29 28 28 28 43 39 43 51 65 64 68 Greatest Support 86 | 20 20 25 69 69 69 69 86 20 22 21 21 21 21 21 28 28 28 28 28 28 28 28 28 28 27 27 30 30 30 30 30 29 29 29 29 43 52 52 51 64 75 66 Greatest Overweight (x) 4 | . 1 1 1 1 1 1 4 3 . 1 . . 1 . . . . . . . . . . . . . 1 . 1 . . . . . . . . 1 . 1 1 2 Average Overweight (x) . | . . 1 . 1 1 1 1 . . . . . . . . . . . . . . . . . . . . . . . . . . . . . . . . . . . Largest Inventory Capacity 25 | 8 15 15 25 25 25 25 25 25 10 10 10 10 10 10 10 10 10 10 10 10 10 10 10 10 10 10 10 10 10 10 10 10 10 10 10 15 15 15 15 15 15 15 Average Capacity 13 | 8 12 15 19 25 25 25 25 10 10 10 10 10 10 10 10 10 10 10 10 10 10 10 10 10 10 10 10 10 10 10 10 10 10 10 10 10 15 15 15 15 15 11 Most Carried 25 | 6 13 15 25 25 25 25 25 11 10 10 10 10 10 10 10 10 10 10 10 10 10 10 10 10 10 10 10 10 10 10 10 10 10 10 10 11 15 15 15 15 15 15 Average Carried 13 | 6 10 13 17 24 25 25 24 9 10 9 9 10 9 10 9 10 9 10 10 10 10 9 10 9 9 9 9 10 9 10 9 10 10 9 10 9 14 14 14 14 14 11 Final Capacity 25 | 8 15 15 25 25 25 25 25 10 10 10 10 10 10 10 10 10 10 10 10 10 10 10 10 10 10 10 10 10 10 10 10 10 10 10 10 15 15 15 15 15 15 5 Final Carried 25 | 6 13 15 24 25 25 25 12 10 10 10 10 10 10 10 10 10 10 10 10 10 10 10 10 9 10 10 10 10 10 10 10 10 10 10 10 11 15 12 15 15 14 5 Class Distribution -------------------- 27% | Hacker-Sprinter 26% | Mutant 13% | Wizard-Scout 9% | Wizard-Sprinter 8% | Wizard-Ninja 4% | Hacker-Gladiator 3% | Hacker-Ninja 3% | Hacker-Scout Dominant Class ---------------- Mutant | -10/Materials Mutant | -10/Mines Mutant | -9/Materials Mutant | -9/Mines Mutant | -9/Exiles Mutant | -8/Mines Mutant | -8/Materials Hacker-Sprinter | -7/Factory Hacker-Sprinter | -7/Waste Hacker-Sprinter | -7/Factory Hacker-Sprinter | -7/Lower Caves Hacker-Sprinter | -7/Lower Caves Hacker-Gladiator | -7/Data Miner Sprinter | -6/Proximity Caves Hacker-Sprinter | -6/Factory Hacker-Sprinter | -6/Waste Hacker-Sprinter | -6/Factory Hacker-Sprinter | -6/Lower Caves Hacker-Sprinter | -6/Lower Caves Hacker-Sprinter | -6/Zion Hacker-Sprinter | -5/Proximity Caves Hacker-Scout | -5/Factory Hacker-Sprinter | -5/Waste Hacker-Scout | -5/Factory Hacker-Sprinter | -5/Upper Caves Hacker-Sprinter | -5/Upper Caves Hacker-Sprinter | -5/Warlord Hacker-Sprinter | -4/Proximity Caves Wizard-Scout | -4/Factory Wizard-Scout | -4/Waste Wizard-Sprinter | -4/Factory Wizard-Sprinter | -4/Upper Caves Wizard-Scout | -4/Upper Caves Wizard-Scout | -4/Zhirov Wizard-Scout | -3/Proximity Caves Wizard-Sprinter | -3/Research Wizard-Scout | -3/Quarantine Wizard-Scout | -3/Section 7 Wizard-Ninja | -2/Research Wizard-Ninja | -2/Testing Hacker-Ninja | -1/Access Infiltrator-Sprinter | -1/Command Resources | -11 -10 -10 -9 -9 -9 -8 -8 -7 -7 -7 -7 -7 -7 -6 -6 -6 -6 -6 -6 -6 -5 -5 -5 -5 -5 -5 -5 -4 -4 -4 -4 -4 -4 -4 -3 -3 -3 -3 -2 -2 -1 -1 ----------- Run | Yrd Mat Min Mat Min Exi Min Mat Fac Was Fac Low Low Dat Pro Fac Was Fac Low Low Zio Pro Fac Was Fac Upp Upp War Pro Fac Was Fac Upp Upp Zhi Pro Res Qua Sec Res Tes Acc Com Matter Collected 10961 | 219 274 . 641 87 . 50 986 310 . 448 345 24 89 66 574 . 10 80 60 30 60 23 77 280 48 82 275 40 450 . 381 354 217 30 120 215 360 502 508 109 1340 1197 Remotely 275 | . . . . . . . 190 . . . . . . . . . . . . . . . . . . . . . . . . . . . . . . . . . 85 . Salvage Created 11930 | 86 421 . 555 53 . 21 953 376 . 463 52 . 23 27 420 63 241 23 . . 124 23 . 484 . 45 61 . 678 . 844 62 34 . 47 346 301 473 1161 253 2154 1063 Parts 687 | 5 26 . 43 4 . . 58 11 . 27 6 . 3 . 34 4 9 1 . . 1 3 . 48 . 4 1 . 63 . 30 7 4 . 4 20 15 32 43 21 112 48 Haulers Intercepted 28 | . 1 . 3 . . . 3 3 . 2 . . . . . . 2 . . . . . . . . . . . . . . . . . . 1 . . 6 . 7 . Recyclers Shooed 12 | 1 1 . . . . . 8 . . . . . . . 1 . . . . . . . . . . . . . . . 1 . . . . . . . . . . . Parts Field Recycled . | . . . . . . . . . . . . . . . . . . . . . . . . . . . . . . . . . . . . . . . . . . . Retrieved Matter . | . . . . . . . . . . . . . . . . . . . . . . . . . . . . . . . . . . . . . . . . . . . Parts Self-Destructed 31 | . . . . . . . . . . . 7 . . . . . . . . . 1 . . . . 7 . 7 . . . 4 4 . 1 . . . . . . . Prevented 17 | . . . . . . . . . . . . . . . . . . . . . . . . . . 6 . 9 . . . 2 . . . . . . . . . . Kills | -11 -10 -10 -9 -9 -9 -8 -8 -7 -7 -7 -7 -7 -7 -6 -6 -6 -6 -6 -6 -6 -5 -5 -5 -5 -5 -5 -5 -4 -4 -4 -4 -4 -4 -4 -3 -3 -3 -3 -2 -2 -1 -1 ------- Run | Yrd Mat Min Mat Min Exi Min Mat Fac Was Fac Low Low Dat Pro Fac Was Fac Low Low Zio Pro Fac Was Fac Upp Upp War Pro Fac Was Fac Upp Upp Zhi Pro Res Qua Sec Res Tes Acc Com Combat Hostiles Destroyed 141 | . 8 . 13 2 . 1 23 1 . 3 . . . . 1 . . . . . . . . 9 . 3 1 . 9 . 3 5 4 . 3 . 4 2 6 7 22 11 Melee 26 | . . . . . . . . 1 . 1 . . . . 1 . . . . . . . . 5 . . 1 . 4 . . . . . . . 1 2 4 2 2 2 Guns 12 | . 8 . 4 . . . . . . . . . . . . . . . . . . . . . . . . . . . . . . . . . . . . . . . Cannons 26 | . . . 7 1 . 1 17 . . . . . . . . . . . . . . . . . . . . . . . . . . . . . . . . . . . AOE 76 | . . . 2 1 . . 6 . . 2 . . . . . . . . . . . . . 4 . 3 . . 5 . 3 5 4 . 3 . 3 . 2 5 20 8 Classes Destroyed 20 | 2 4 . 2 . . 1 4 1 . . 1 . . . . 1 . . . . . . . . . . . . 1 . . . . . . . . . 1 . 2 . Worker 15 | . . . . . . . 3 . . 2 . . . . . . 1 . . . . . . 1 . . . . 1 . . . . . . . . . . . 6 1 Builder 16 | . . . . . . . 2 . . . . . . . 3 . 1 . . . . 1 . 2 . . . . 3 . . . . . . 4 . . . . . . Tunneler 3 | 1 . . . . . . 1 . . . . . . . . . . . . . . . . . . . . . . . . . . . . . . . . . 1 . Hauler 28 | . 1 . 3 . . . 3 3 . 2 . . . . . . 2 . . . . . . . . . . . . . . . . . . 1 . . 6 . 7 . Recycler 22 | 1 2 . 1 . . . 3 . . 1 . . . . 1 . . . . . . . . . . . . . 1 . 4 . . . . . 1 2 1 . 3 1 Minesweeper 2 | . . . . . . . . . . . 1 . . 1 . . . . . . . . . . . . . . . . . . . . . . . . . . . . Mechanic 2 | . . . . . . . 1 . . . . . . . . . . . . . . . . . . . . . . . 1 . . . . . . . . . . . Operator 4 | . 1 . . . . . . 1 . . . . . . . . . . . . . . . . . . . . . . . . . . . . . . 1 . . 1 Drone 4 | . . . . . . . . . . . . . . . . . . . . . . . . . . . . . . . . . . . . . . . 1 . 3 . Watcher 62 | . . . . . . . 1 5 . 5 . . . . 6 . 1 . . . . . . 3 . . . . 6 . 4 . . . . 4 2 2 5 1 12 5 Swarmer 69 | . 6 . 3 . . . 8 . . 1 . . . . . . . . . . . . . 4 . 3 . . 4 . 3 5 4 . 3 . 3 . 1 5 11 5 Cutter 2 | . . . . . . . . . . . . . . . . . . . . . . . . . . . . . 2 . . . . . . . . . . . . . Saboteur 1 | . . . . . . . . . . . . . . . . . . . . . . . . . . . . . . . . . . . . . . . . . 1 . Grunt 31 | . 2 . 4 2 . . 10 . . . . . . . . . . . . . . . . . . . 1 . . . . . . . . . 1 . 1 . 6 4 Brawler 2 | . . . 1 . . . . . . 1 . . . . . . . . . . . . . . . . . . . . . . . . . . . . . . . . Duelist 1 | . . . . . . . . . . . . . . . . . . . . . . . . . . . . . . . . . . . . . . . . . 1 . Sentry 12 | . . . 5 . . . 5 . . . . . . . . . . . . . . . . . . . . . . . . . . . . . . . 1 . . 1 Hunter 2 | . . . . . . 1 . . . . . . . . . . . . . . . . . . . . . . . . . . . . . . . . 1 . . . Programmer 16 | . . . . . . . . 1 . 1 . . . . 1 . . . . . . . . 5 . . . . 3 . . . . . . . . 2 1 2 . . Combat Programmer 1 | . . . . . . . . . . . . . . . . . . . . . . . . . . . . . . . . . . . . . . . . . . 1 Decomposer 2 | . . . . . . . . . . . 1 . . . . . . 1 . . . . . . . . . . . . . . . . . . . . . . . . Martyr 1 | . . . . . . . . . . . . . . . . 1 . . . . . . . . . . . . . . . . . . . . . . . . . . Best Kill Streak 9 | 2 5 . 3 2 . 1 4 2 . 2 1 . 1 1 2 . 3 . . . . 1 . 8 . 3 1 . 4 . 4 5 4 . 3 2 4 2 4 5 6 9 Combat Bots Only 6 | . 5 . 3 2 . 1 4 1 . 2 . . . . 1 . . . . . . . . 6 . 3 1 . 4 . 3 5 4 . 3 . 3 2 3 5 6 6 Max Kills in Single Turn 6 | 1 1 . 2 1 . 1 3 1 . 1 1 . 1 1 1 1 1 1 . . . 1 . 4 . 3 1 . 4 . 1 3 2 . 1 1 3 1 1 3 6 4 Gunslinging . | . . . . . . . . . . . . . . . . . . . . . . . . . . . . . . . . . . . . . . . . . . . Exploded 6 | . . . 1 1 . . 2 . . 1 . . . . . . . . . . . . . 3 . 3 . . 3 . 1 3 2 . 1 . 3 . 1 3 6 4 Melee 1 | . . . . . . . . 1 . 1 . . . . 1 . . . . . . . . 1 . . 1 . 1 . . . . . . . 1 1 1 1 1 1 Uniques/NPCs Destroyed 1 | . . . . . . . . . . . . . 1 . . . . . . . . . . . . . . . . . . . . . . . . . . . . . Data Miner (-7/Data Miner) Combat | -11 -10 -10 -9 -9 -9 -8 -8 -7 -7 -7 -7 -7 -7 -6 -6 -6 -6 -6 -6 -6 -5 -5 -5 -5 -5 -5 -5 -4 -4 -4 -4 -4 -4 -4 -3 -3 -3 -3 -2 -2 -1 -1 -------- Run | Yrd Mat Min Mat Min Exi Min Mat Fac Was Fac Low Low Dat Pro Fac Was Fac Low Low Zio Pro Fac Was Fac Upp Upp War Pro Fac Was Fac Upp Upp Zhi Pro Res Qua Sec Res Tes Acc Com Hostile Shots Fired 891 | . 38 . 54 6 . 6 127 25 . 11 2 . 1 9 25 . 1 . . . 1 2 . 66 . 4 . . 32 . 11 6 7 . 6 59 16 62 22 22 107 163 Missed 405 | . 10 . 19 1 . 2 37 14 . 6 2 . . 5 13 . . . . . . 2 . 25 . 2 . . 19 . 8 3 5 . 5 34 5 41 10 7 61 69 Intercepted 3 | . . . . . . . . . . . . . . . . . . . . . . . . . . . . . . . . . . . . . . . . . . 3 Damage Taken 9561 | . 249 17 521 99 . 69 1158 264 . 83 . . 47 32 120 . 19 . . . 77 . . 841 . 43 . . 319 . 84 61 43 . 22 457 218 463 310 326 1186 2433 Core 2896 | . 71 . 69 . . . 125 106 . 34 . . 47 5 32 . . . . . 39 . . 113 . 14 . . 154 . 60 30 9 . 22 117 75 166 65 46 172 1325 Absorbed by Shields . | . . . . . . . . . . . . . . . . . . . . . . . . . . . . . . . . . . . . . . . . . . . Redirected to Shielding 594 | . . . . . . . . . . . . . . . 13 . . . . . . . . 111 . . . . . . 10 . . . . 104 62 129 40 21 104 . Ignored by Resistances 172 | . . . . . . . . . . . . . . . . . . . . . . . . . . . . . . . . . . . . . 12 . 6 . . 154 Regen/Repaired (Parts) 760 | . 35 . . . . . . 64 . 27 . . . . . . 90 . . . . . . . . . 53 . 196 . 38 . . . . . . . 155 102 . . Core Remaining (%) 82 | 100 . 71 . . . 82 77 . . . . . . 72 . . . . . . 91 . . . . . . 87 . . . . . . 76 . . 72 . 92 . . Volleys Fired 287 | 3 33 . 35 4 . 3 57 . . 6 2 . . . . . . . . . 4 . . 2 . 3 . 1 13 . 8 2 3 . 3 8 5 8 9 12 56 7 Largest 2 | 2 2 . 2 2 . 2 2 . . 1 1 . . . . . . . . . 1 . . 1 . 1 . 1 1 . 1 1 1 . 1 1 1 1 1 1 1 1 Hottest 120 | 70 70 . 88 74 . 88 88 . . 30 30 . . . . . . . . . 30 . . 30 . 98 . 98 98 . 98 30 30 . 30 98 98 98 30 120 120 80 Shots Fired 419 | 6 67 . 70 8 . 5 109 . . 6 2 . . . . . . . . . 4 . . 2 . 3 . 1 14 . 8 2 3 . 3 8 5 9 9 12 56 7 Gun 108 | 6 67 . 32 3 . . . . . . . . . . . . . . . . . . . . . . . . . . . . . . . . . . . . . . Cannon 202 | . . . 36 4 . 4 104 . . . . . . . . . . . . . . . . . . 2 . 1 11 . 4 . . . . 8 2 7 . 6 13 . Launcher 109 | . . . 2 1 . 1 5 . . 6 2 . . . . . . . . . 4 . . 2 . 1 . . 3 . 4 2 3 . 3 . 3 2 9 6 43 7 Special . | . . . . . . . . . . . . . . . . . . . . . . . . . . . . . . . . . . . . . . . . . . . Kinetic 233 | 3 47 . 68 7 . 4 104 . . . . . . . . . . . . . . . . . . . . . . . . . . . . . . . . . . . Thermal 76 | 3 20 . . . . . . . . . . . . . . . . . . . . . . . . 1 . 1 11 . 4 . . . . 8 2 7 . 6 13 . Explosive 109 | . . . 2 1 . 1 5 . . 6 2 . . . . . . . . . 4 . . 2 . 1 . . 3 . 4 2 3 . 3 . 3 2 9 6 43 7 Electromagnetic 1 | . . . . . . . . . . . . . . . . . . . . . . . . . . 1 . . . . . . . . . . . . . . . . Robot Hit Streak 14 | 3 6 . 14 3 . 7 10 . . 2 . . . . . . . . . . . . . . . . . . 2 . 1 3 5 . 6 . 2 . 5 . 7 9 Robot Miss Streak 11 | 1 6 . 5 2 . 3 11 . . 1 . . . . . . . . . . . . . . . 1 . . . . 2 . . . 2 . 3 . 1 2 . . Penetration Max . | . . . . . . . . . . . . . . . . . . . . . . . . . . . . . . . . . . . . . . . . . . . Secondary Targets 1 | . 1 . . . . . . . . . . . . . . . . . . . . . . . . . . . . . . . . . . . . . . . . . Max Gunslinging Chain 1 | . 1 . . . . . . . . . . . . . . . . . . . . . . . . . . . . . . . . . . . . . . . . . Shots Hit Robots 494 | 4 33 . 53 6 4 4 83 15 . 21 2 . 2 3 17 1 15 1 . 4 3 2 . 14 . . 14 . 25 . 15 2 2 1 1 13 9 9 33 5 44 34 Core Hits 477 | 3 16 . 39 6 . 5 108 3 . 14 . . 1 1 10 1 6 . . . 1 1 . 19 . 3 1 . 20 . 16 6 2 . 6 7 10 6 26 12 98 30 Critical Kills 2 | . 2 . . . . . . . . . . . . . . . . . . . . . . . . . . . . . . . . . . . . . . . . . Critical Parts Destroyed 5 | . . . . . . . . 4 . . . . . . 1 . . . . . . . . . . . . . . . . . . . . . . . . . . . Critical Strikes 25 | . 2 . . . . . . 4 . 1 . . . . 2 . 1 . . . 1 . . 2 . . . . 1 . 1 . . . . . . 4 3 . 3 . Destroy 2 | . 2 . . . . . . . . . . . . . . . . . . . . . . . . . . . . . . . . . . . . . . . . . Smash 5 | . . . . . . . . 4 . . . . . . 1 . . . . . . . . . . . . . . . . . . . . . . . . . . . Sever 4 | . . . . . . . . . . . . . . . . . . . . . . . . . . . . . . . . . . . . . . 1 2 . 1 . Impale 14 | . . . . . . . . . . 1 . . . . 1 . 1 . . . 1 . . 2 . . . . 1 . 1 . . . . . . 3 1 . 2 . Melee Attacks 1036 | . . . . . 4 . . 56 . 85 2 . 30 6 63 1 71 1 . 5 17 22 . 67 . 1 28 2 81 . 49 1 5 1 2 103 28 46 70 23 129 37 Kinetic 1 | . . . . . . . . . . . . . . . . . . . . . . . . . . . . . . . . . . . . . . . . . . 1 Impact 61 | . . . . . . . . 54 . 2 . . . . 5 . . . . . . . . . . . . . . . . . . . . . . . . . . . Slashing 173 | . . . . . . . . . . 38 1 . 6 . 5 . . . . . . . . . . . 2 1 15 . . . . . . . . 29 26 3 38 9 Piercing 774 | . . . . . . . . . . 44 1 . 23 6 52 1 71 1 . 1 16 22 . 66 . 1 14 1 66 . 49 1 5 1 2 103 28 17 44 20 91 27 Sneak Attacks 108 | . . . . . 4 . . 5 . 6 2 . 2 1 6 1 5 1 . 4 . 1 . 2 . . 12 . 3 . 6 . . . . 9 2 3 10 . 18 5 Combat Hostiles 5 | . . . . . . . . 1 . . . . . . . . . . . . . . . . . . . . . . . . . . . . . . 3 . 1 . Follow-up Attacks 17 | . . . . . . . . . . 2 . . . . 1 . 1 . . . . . . 2 . . 1 . . . . . . . . 1 . 2 4 . 2 1 Damage Inflicted 31547 | 52 429 . 1113 175 . 106 2213 835 . 1207 153 . 74 152 989 72 830 78 . . 111 170 . 1110 . 168 84 . 1926 . 1199 364 314 57 243 1280 892 663 2533 752 7456 3747 Guns 848 | 52 419 . 363 14 . . . . . . . . . . . . . . . . . . . . . . . . . . . . . . . . . . . . . . Cannons 2274 | . . . 617 78 . 40 1539 . . . . . . . . . . . . . . . . . . . . . . . . . . . . . . . . . . . Explosions 9703 | . . . 126 77 . 66 618 . . 282 . . . . . . . . . . . . . 392 . 168 . . 348 . 246 364 314 . 243 . 331 . 389 500 4030 1209 Melee 18643 | . . . . . . . . 835 . 925 153 . 74 152 989 72 830 78 . . 111 170 . 718 . . 84 . 1578 . 953 . . 57 . 1280 561 663 2144 252 3426 2538 Ramming 79 | . 10 . 7 6 . . 56 . . . . . . . . . . . . . . . . . . . . . . . . . . . . . . . . . . . Kinetic 2961 | 27 283 . 980 92 . 40 1539 . . . . . . . . . . . . . . . . . . . . . . . . . . . . . . . . . . . Thermal 202 | 25 136 . . . . 41 . . . . . . . . . . . . . . . . . . . . . . . . . . . . . . . . . . . . Explosive 9662 | . . . 126 77 . 25 618 . . 282 . . . . . . . . . . . . . 392 . 168 . . 348 . 246 364 314 . 243 . 331 . 389 500 4030 1209 Electromagnetic . | . . . . . . . . . . . . . . . . . . . . . . . . . . . . . . . . . . . . . . . . . . . Impact 978 | . . . . . . . . 835 . 69 . . . . 74 . . . . . . . . . . . . . . . . . . . . . . . . . . . Slashing 4479 | . . . . . . . . . . 296 76 . . . 194 . . . . . . . . . . . 40 . 184 . . . . . . . . 474 929 60 1308 918 Piercing 13186 | . . . . . . . . . . 560 77 . 74 152 721 72 830 78 . . 111 170 . 718 . . 44 . 1394 . 953 . . 57 . 1280 561 189 1215 192 2118 1620 Highest Corruption 15 | . 5 15 . . . . . 1 10 10 9 9 9 . . . . . . . . . . 4 4 4 4 . 2 2 2 . . . . 2 2 2 . . . . Average Corruption 4 | . 4 6 . . . . . 1 4 7 9 9 5 . . . . . . . . . . 2 4 4 4 . 1 2 1 . . . . 2 2 2 . . . . Corruption Purged 16 | . . . . . . . . . . 5 . . 9 . . . . . . . . . . . . . . . . . 2 . . . . . . . . . . . Corruption Blocked 5 | . . . . . . . . . . . . . . . . . . . . . . . . . . . . . . . . . . . . . . . 5 . . . Effects 176 | . 16 7 . . . . . 7 1 55 9 3 25 . . . . . . . . . . 9 3 2 . . 11 . 3 . . . . 3 5 17 . . . . Message Errors 47 | . 2 1 . . . . . 1 1 16 1 1 10 . . . . . . . . . . 3 1 . . . 4 . 2 . . . . . 1 3 . . . . Matter Fused 36 | . 3 . . . . . . 2 . 14 1 1 5 . . . . . . . . . . 1 1 . . . 2 . . . . . . . 1 5 . . . . Heat Flow Errors 18 | . 3 3 . . . . . . . 5 1 . 3 . . . . . . . . . . 1 . . . . . . . . . . . . 1 1 . . . . Energy Discharges 21 | . 2 2 . . . . . 1 . 5 1 . 1 . . . . . . . . . . 3 . 1 . . 1 . . . . . . . 1 3 . . . . Parts Rejected 1 | . . . . . . . . . . . . . . . . . . . . . . . . . . . . . . . . . . . . 1 . . . . . . Parts Fused 3 | . 1 1 . . . . . . . . . . . . . . . . . . . . . . . . . . 1 . . . . . . . . . . . . . Data Loss (minor) 26 | . 1 . . . . . . 3 . 8 4 . 2 . . . . . . . . . . 1 1 . . . 1 . 1 . . . . 2 . 2 . . . . Data Loss (major) 16 | . 2 . . . . . . . . 5 1 1 3 . . . . . . . . . . . . 1 . . 1 . . . . . . . . 2 . . . . Misfires 3 | . 1 . . . . . . . . . . . . . . . . . . . . . . . . . . . 1 . . . . . . . . 1 . . . . Alerts 5 | . 1 . . . . . . . . 2 . . 1 . . . . . . . . . . . . . . . . . . . . . . . 1 . . . . . Overload Shots . | . . . . . . . . . . . . . . . . . . . . . . . . . . . . . . . . . . . . . . . . . . . Overflow Damage 3672 | . . . 14 . . . 46 415 . 110 102 . . 3 175 . 143 70 . . 20 60 . 177 . . . . 257 . 224 . 76 29 . 368 83 74 92 . 681 453 Projectiles . | . . . . . . . . . . . . . . . . . . . . . . . . . . . . . . . . . . . . . . . . . . . Explosions 264 | . . . 14 . . . 46 . . . . . . . . . . . . . . . . 6 . . . . 2 . 30 . 76 . . . . . . . 83 7 Melee 3408 | . . . . . . . . 415 . 110 102 . . 3 175 . 143 70 . . 20 60 . 171 . . . . 255 . 194 . . 29 . 368 83 74 92 . 598 446 Knockbacks 43 | . . . 3 1 . 2 37 . . . . . . . . . . . . . . . . . . . . . . . . . . . . . . . . . . . Impact 1 | . . . . . . . 1 . . . . . . . . . . . . . . . . . . . . . . . . . . . . . . . . . . . Kinetic 40 | . . . 3 1 . 2 34 . . . . . . . . . . . . . . . . . . . . . . . . . . . . . . . . . . . Secondary 2 | . . . . . . . 2 . . . . . . . . . . . . . . . . . . . . . . . . . . . . . . . . . . . Self-Inflicted Damage 410 | . . . 33 22 . 2 45 . . . . . . . . . . . . . 60 . . . . 14 . . 35 . 45 12 18 . . . . 32 17 . 75 . Shots 17 | . . . 1 1 . 1 1 . . . . . . . . . . . . . 2 . . . . 1 . . 2 . 1 1 1 . . . . 1 1 . 3 . Rammed 11 | . . . . 1 . . 10 . . . . . . . . . . . . . . . . . . . . . . . . . . . . . . . . . . . Targets Rammed 14 | . 1 . 1 1 . . 11 . . . . . . . . . . . . . . . . . . . . . . . . . . . . . . . . . . . Kicked 2 | . 1 . 1 . . . . . . . . . . . . . . . . . . . . . . . . . . . . . . . . . . . . . . . Crushed 1 | . . . . . . . 1 . . . . . . . . . . . . . . . . . . . . . . . . . . . . . . . . . . . Highest Temperature 297 | 38 277 142 165 133 . 90 297 5 . 281 112 . 261 5 12 12 65 4 4 4 6 . . 276 . 48 2 52 216 . 96 . . . . 6 194 155 . . . 100 Average Temperature 33 | 16 74 68 42 68 . 39 67 3 . 117 45 . 111 5 1 5 10 2 2 2 2 . . 82 . 24 1 4 70 . 47 . . . . 2 58 36 . . . 56 Received Heat Transfer 1299 | . 42 . 156 45 . . 405 30 . 27 . . . 12 18 . 9 . . . 9 . . 90 . . . . 9 . . . . . . 39 84 . 36 . 72 216 Effects 2 | . 1 . . . . . 1 . . . . . . . . . . . . . . . . . . . . . . . . . . . . . . . . . . . Energy Bleed 1 | . 1 . . . . . . . . . . . . . . . . . . . . . . . . . . . . . . . . . . . . . . . . . Interference 1 | . . . . . . . 1 . . . . . . . . . . . . . . . . . . . . . . . . . . . . . . . . . . . Siege Activations . | . . . . . . . . . . . . . . . . . . . . . . . . . . . . . . . . . . . . . . . . . . . Robots Corrupted . | . . . . . . . . . . . . . . . . . . . . . . . . . . . . . . . . . . . . . . . . . . . Combat Hostiles . | . . . . . . . . . . . . . . . . . . . . . . . . . . . . . . . . . . . . . . . . . . . Parts Fried 16 | . . . . . . . . 11 . 3 . . . . 1 . . . . . . . . . . . . . . . . . . . . . . . 1 . . . Impact Corruptions 17 | . . . . . . . . 13 . 2 . . . . 2 . . . . . . . . . . . . . . . . . . . . . . . . . . . Robots Melted . | . . . . . . . . . . . . . . . . . . . . . . . . . . . . . . . . . . . . . . . . . . . Combat Hostiles . | . . . . . . . . . . . . . . . . . . . . . . . . . . . . . . . . . . . . . . . . . . . Parts Melted 4 | . 1 . . . . . . . . . . . . . 2 . . . . . . . . . . . 1 . . . . . . . . . . . . . . . Heat Transferred 531 | 74 407 . . . . 50 . . . . . . . . . . . . . . . . . . . . . . . . . . . . . . . . . . . . Parts Sabotaged . | . . . . . . . . . . . . . . . . . . . . . . . . . . . . . . . . . . . . . . . . . . . Parts Stolen . | . . . . . . . . . . . . . . . . . . . . . . . . . . . . . . . . . . . . . . . . . . . Parts Stripped 14 | . . . . . . . . . . . . . . . . . . . . . . . . . . . . . . . . . . . . . . . . . . 14 Power Chain Reactions . | . . . . . . . . . . . . . . . . . . . . . . . . . . . . . . . . . . . . . . . . . . . Alert | -11 -10 -10 -9 -9 -9 -8 -8 -7 -7 -7 -7 -7 -7 -6 -6 -6 -6 -6 -6 -6 -5 -5 -5 -5 -5 -5 -5 -4 -4 -4 -4 -4 -4 -4 -3 -3 -3 -3 -2 -2 -1 -1 ------- Run | Yrd Mat Min Mat Min Exi Min Mat Fac Was Fac Low Low Dat Pro Fac Was Fac Low Low Zio Pro Fac Was Fac Upp Upp War Pro Fac Was Fac Upp Upp Zhi Pro Res Qua Sec Res Tes Acc Com Peak Influence 1889 | 10 296 5 204 167 . 81 489 391 51 169 . . . . 176 45 92 . . . . 27 34 403 . . . . 525 85 269 . . . . 496 331 245 350 545 1837 1889 Initial 1155 | . 6 5 1 72 . . 31 198 21 35 . . . . 12 13 . . . . . 2 3 11 . . . . 344 70 59 . . . . 47 279 29 118 196 326 1155 Average 214 | 6 78 5 74 165 . 15 199 210 28 40 . . . . 57 10 23 . . . . 12 9 150 . . . . 256 79 82 . . . . 88 126 123 181 339 928 1708 Maximum Alert Level 5 | . 1 . 1 . . . 2 1 . . . . . . . . . . . . . . . 2 . . . . 2 . 1 . . . . 2 1 1 1 2 5 5 Low Security (%) 69 | 100 95 100 97 100 . 100 57 27 100 100 . . . . 100 100 100 . . . . 100 100 52 . . . . 31 100 87 . . . . 96 85 84 63 14 . . Level 1 17 | . 4 . 2 . . . 17 72 . . . . . . . . . . . . . . . 46 . . . . 62 . 12 . . . . 1 14 15 36 72 9 . Level 2 6 | . . . . . . . 25 . . . . . . . . . . . . . . . . 1 . . . . 6 . . . . . . 1 . . . 13 39 . Level 3 1 | . . . . . . . . . . . . . . . . . . . . . . . . . . . . . . . . . . . . . . . . . 15 . Level 4 1 | . . . . . . . . . . . . . . . . . . . . . . . . . . . . . . . . . . . . . . . . . 13 22 Level 5 2 | . . . . . . . . . . . . . . . . . . . . . . . . . . . . . . . . . . . . . . . . . 21 27 High Security . | . . . . . . . . . . . . . . . . . . . . . . . . . . . . . . . . . . . . . . . . . . 50 Max Security . | . . . . . . . . . . . . . . . . . . . . . . . . . . . . . . . . . . . . . . . . . . . Squads Dispatched 81 | . 1 . 2 . . . 3 3 . 3 . . . . 2 . 7 . . . . 2 . 6 . . . . 7 . 6 . . . . 5 1 5 1 5 14 8 Investigation 19 | . . . . . . . . . . 1 . . . . 1 . 5 . . . . . . 2 . . . . 2 . . . . . . 2 . . . 1 5 . Extermination 25 | . . . . . . . . 2 . 1 . . . . 1 . 2 . . . . 1 . 2 . . . . 4 . 4 . . . . 2 . 2 . 2 2 . Reinforcement 23 | . 1 . 2 . . . 3 1 . 1 . . . . . . . . . . . 1 . 2 . . . . 1 . 2 . . . . 1 1 3 1 1 2 . Assault 14 | . . . . . . . . . . . . . . . . . . . . . . . . . . . . . . . . . . . . . . . . 1 5 8 Garrison . | . . . . . . . . . . . . . . . . . . . . . . . . . . . . . . . . . . . . . . . . . . . Intercept . | . . . . . . . . . . . . . . . . . . . . . . . . . . . . . . . . . . . . . . . . . . . Searches Triggered . | . . . . . . . . . . . . . . . . . . . . . . . . . . . . . . . . . . . . . . . . . . . Construction Impeded 2 | . . . . . . . 1 . . . . . . . . . . . . . . . . 1 . . . . . . . . . . . . . . . . . . Haulers Reinforced 4 | . . . . . . . . 1 . . . . . . . . . . . . . . . . . . . . . . . . . . . . . . 1 . 2 . Active Scanning Responses . | . . . . . . . . . . . . . . . . . . . . . . . . . . . . . . . . . . . . . . . . . . . Cargo Convoy Interrupts 1 | . . . . . . . . . . . . . . . 1 . . . . . . . . . . . . . . . . . . . . . . . . . . . Stealth | -11 -10 -10 -9 -9 -9 -8 -8 -7 -7 -7 -7 -7 -7 -6 -6 -6 -6 -6 -6 -6 -5 -5 -5 -5 -5 -5 -5 -4 -4 -4 -4 -4 -4 -4 -3 -3 -3 -3 -2 -2 -1 -1 --------- Run | Yrd Mat Min Mat Min Exi Min Mat Fac Was Fac Low Low Dat Pro Fac Was Fac Low Low Zio Pro Fac Was Fac Upp Upp War Pro Fac Was Fac Upp Upp Zhi Pro Res Qua Sec Res Tes Acc Com Distress Signals 49 | . 2 . 2 . . . 7 2 . . . . . . 1 . 1 . . . . . . 5 . . 1 . 3 . 1 . . . . 2 . 2 10 4 6 . Communications Jammed 70 | . . . . . . . . . . . . . . . . . . . . . . . . . . . . . 2 . 4 . . . . . 26 13 1 5 16 3 Distress Signals 66 | . . . . . . . . . . . . . . . . . . . . . . . . . . . . . 2 . 4 . . . . . 26 13 . 5 13 3 Times Spotted 607 | . 21 . 26 2 . 1 52 20 4 20 2 . 3 1 11 3 6 . . . 3 . 3 43 . 4 27 . 35 6 23 8 6 . 3 48 9 25 18 20 91 63 Peak Tracking Total 30 | . 5 . 4 2 . 1 6 7 4 4 1 . 3 1 3 2 3 . . . 3 1 2 13 . 4 9 . 6 6 4 5 4 . 3 23 4 6 3 7 13 30 Tactical Retreats 100 | . 2 . . . . . 2 5 . 4 1 . . 1 2 . 2 . . . 2 . . 6 . . 1 . 6 . 4 1 1 . . 12 . 6 5 3 26 8 Traps | -11 -10 -10 -9 -9 -9 -8 -8 -7 -7 -7 -7 -7 -7 -6 -6 -6 -6 -6 -6 -6 -5 -5 -5 -5 -5 -5 -5 -4 -4 -4 -4 -4 -4 -4 -3 -3 -3 -3 -2 -2 -1 -1 ------- Run | Yrd Mat Min Mat Min Exi Min Mat Fac Was Fac Low Low Dat Pro Fac Was Fac Low Low Zio Pro Fac Was Fac Upp Upp War Pro Fac Was Fac Upp Upp Zhi Pro Res Qua Sec Res Tes Acc Com Traps Triggered 31 | . 3 . . . . . 3 7 . 5 . . . . 2 . 1 . . . . 1 . 1 . . . . 3 . . . . . . 3 . . . . 2 . Indirectly . | . . . . . . . . . . . . . . . . . . . . . . . . . . . . . . . . . . . . . . . . . . . Trap Hack Attempts 63 | . . . . . . . 13 . . 27 . . . . 20 . . . . . . . . 3 . . . . . . . . . . . . . . . . . . Triggered . | . . . . . . . . . . . . . . . . . . . . . . . . . . . . . . . . . . . . . . . . . . . Disarmed 2 | . . . . . . . 1 . . . . . . . 1 . . . . . . . . . . . . . . . . . . . . . . . . . . . Reprogrammed 10 | . . . . . . . 2 . . 3 . . . . 4 . . . . . . . . 1 . . . . . . . . . . . . . . . . . . Reused 9 | . . . . . . . . . . . 1 . 3 . 4 . . . . . . . . 1 . . . . . . . . . . . . . . . . . . Traps Extracted 11 | . . . . . . . 2 . . 3 . . . . 5 . . . . . . . . 1 . . . . . . . . . . . . . . . . . . Installed 14 | . . . . . . . . . . . 1 . 5 . 6 . . . . . . . . 2 . . . . . . . . . . . . . . . . . . Triggered 21 | . . . . . . . . . . . 4 . . . 4 . . . . . . . . 1 . 3 6 1 . . . 2 . . . . . . . . . . Most Traps Carried 5 | . . . . . . . 2 2 2 5 5 5 5 2 4 1 1 1 1 1 1 1 1 2 . . . . . . . . . . . . . . . . . . Machines | -11 -10 -10 -9 -9 -9 -8 -8 -7 -7 -7 -7 -7 -7 -6 -6 -6 -6 -6 -6 -6 -5 -5 -5 -5 -5 -5 -5 -4 -4 -4 -4 -4 -4 -4 -3 -3 -3 -3 -2 -2 -1 -1 ---------- Run | Yrd Mat Min Mat Min Exi Min Mat Fac Was Fac Low Low Dat Pro Fac Was Fac Low Low Zio Pro Fac Was Fac Upp Upp War Pro Fac Was Fac Upp Upp Zhi Pro Res Qua Sec Res Tes Acc Com Machines Disabled 42 | . 1 . . 3 . 2 1 . . 3 . . 1 . . . . . . . . . . 2 . . . . 6 . 1 . . . . 1 5 8 1 4 1 2 Max in Single Turn 5 | . 1 . . 3 . 2 1 . . 2 . . 1 . . . . . . . . . . 1 . . . . 5 . 1 . . . . 1 1 1 1 1 1 2 Garrison Access 18 | . . . . . . . 1 2 . 2 . . . . 1 . 1 . . . . 2 . . . . . . 1 . . . . . . 2 . . 3 1 2 . Phase Generator 1 | . . . . . . . . . . . . . . . . . . . . . . . . . . . . . . . . . . . . . . . . . . 1 Machines Repaired . | . . . . . . . . . . . . . . . . . . . . . . . . . . . . . . . . . . . . . . . . . . . Machines Dismantled . | . . . . . . . . . . . . . . . . . . . . . . . . . . . . . . . . . . . . . . . . . . . Machines Sabotaged . | . . . . . . . . . . . . . . . . . . . . . . . . . . . . . . . . . . . . . . . . . . . Overloaded Fab Kills . | . . . . . . . . . . . . . . . . . . . . . . . . . . . . . . . . . . . . . . . . . . . Hacking | -11 -10 -10 -9 -9 -9 -8 -8 -7 -7 -7 -7 -7 -7 -6 -6 -6 -6 -6 -6 -6 -5 -5 -5 -5 -5 -5 -5 -4 -4 -4 -4 -4 -4 -4 -3 -3 -3 -3 -2 -2 -1 -1 --------- Run | Yrd Mat Min Mat Min Exi Min Mat Fac Was Fac Low Low Dat Pro Fac Was Fac Low Low Zio Pro Fac Was Fac Upp Upp War Pro Fac Was Fac Upp Upp Zhi Pro Res Qua Sec Res Tes Acc Com Machines Accessed 211 | . 8 1 10 . 1 . 7 11 . 20 . . 4 . 13 . 15 . 2 . . 4 . 8 . . 1 . 17 . 12 . 1 6 . 12 12 7 5 11 19 4 Terminals 131 | . 7 . 7 . . . 5 6 . 14 . . . . 10 . 9 . 1 . . 1 . 7 . . . . 10 . 10 . . . . 6 9 6 1 7 11 4 Fabricators 14 | . . . . . . . . . . . . . . . 1 . 4 . . . . . . 1 . . . . 2 . . . . . . 1 . . . 1 4 . Repair Stations 15 | . 1 . 1 . . . . 1 . 3 . . . . . . 1 . . . . . . . . . . . 3 . 2 . . . . . . . 1 2 . . Recycling Units 1 | . . . . . . . . . . . . . . . . . . . . . . . . . . . . . . . . . . . . . . . . . 1 . Scanalyzers 15 | . . . 2 . . . 1 2 . 1 . . . . 1 . . . . . . 1 . . . . . . . . . . . . . 3 3 1 . . . . Garrison Access 20 | . . . . . . . 1 2 . 2 . . . . 1 . 1 . . . . 2 . . . . . . 2 . . . . . . 2 . . 3 1 3 . Total Hacks 753 | . 23 1 38 . 1 . 20 20 . 41 . . 31 . 40 . 60 . 2 . . 11 . 27 . . 1 . 69 . 67 . 1 19 . 57 58 27 9 52 69 9 Successful 472 | . 11 1 23 . 1 . 7 14 . 23 . . 31 . 29 . 43 . 2 . . 10 . 13 . . 1 . 44 . 39 . 1 19 . 43 34 17 8 31 24 3 Failed 278 | . 12 . 14 . . . 13 6 . 18 . . . . 10 . 17 . . . . 1 . 14 . . . . 24 . 28 . . . . 14 24 10 1 21 45 6 Catastrophic 37 | . 1 . . . . . 2 2 . 1 . . . . 1 . 2 . . . . 1 . 3 . . . . . . 2 . . . . 2 2 2 1 2 10 3 Database Lockouts 3 | . . . 1 . . . . . . . . . . . 1 . . . . . . . . . . . . . 1 . . . . . . . . . . . . . Manual 316 | . 11 . 18 . . . 7 8 . 17 . . . . 25 . 33 . . . . 1 . 16 . . 1 . 37 . 43 . . . . 24 26 8 1 18 19 3 Terminals 488 | . 20 . 24 . . . 15 9 . 32 . . . . 29 . 39 . 1 . . 1 . 23 . . . . 49 . 60 . . . . 33 49 26 2 31 36 9 Fabricators 59 | . . . . . . . . . . . . . . . 3 . 11 . . . . . . 4 . . . . 8 . . . . . . 4 . . . 7 22 . Repair Stations 51 | . 3 . 1 . . . . 2 . 6 . . . . . . 9 . . . . . . . . . . . 8 . 7 . . . . . . . 4 11 . . Recycling Units 3 | . . . . . . . . . . . . . . . . . . . . . . . . . . . . . . . . . . . . . . . . . 3 . Scanalyzers 64 | . . . 13 . . . 3 5 . 1 . . . . 6 . . . . . . 8 . . . . . . . . . . . . . 18 9 1 . . . . Garrison Access 33 | . . . . . . . 2 4 . 2 . . . . 2 . 1 . . . . 2 . . . . . . 4 . . . . . . 2 . . 3 3 8 . Terminal Hacks 266 | . 9 1 7 . 1 . 3 3 . 13 . . 31 . 12 . 20 . 2 . . . . 7 . . 1 . 26 . 26 . 1 19 . 16 24 14 1 15 11 3 Record 22 | . . . . . 1 . . . . . . . 11 . . . . . 1 . . . . . . . . . . . . . . 7 . . . . . 1 1 . Part Schematic 31 | . . . . . . . . . . . . . 10 . 2 . 3 . . . . . . 1 . . . . 4 . 3 . . 4 . 1 1 2 . . . . Robot Schematic 10 | . 3 . . . . . . . . . . . 7 . . . . . . . . . . . . . . . . . . . . . . . . . . . . . Robot Analysis 10 | . . . 2 . . . . . . . . . . . . . 1 . . . . . . 1 . . . . 1 . . . . 4 . . . . . 1 . . Prototype ID Bank 28 | . 2 . 2 . . . 3 . . 1 . . 3 . . . 2 . . . . . . . . . . . . . . . . 4 . . 6 . . 4 1 . Open Door 9 | . . 1 . . . . . . . . . . . . . . . . 1 . . . . . . . 1 . . . . . 1 . . . . 1 . . 4 . Open DSF 1 | . . . . . . . . . . . . . . . . . . . . . . . . 1 . . . . . . . . . . . . . . . . . . Level Access Points 2 | . . . . . . . . . . . . . . . . . . . . . . . . . . . . . . . . . . . . . . 1 . 1 . . Branch Access Points 7 | . . . 1 . . . . . . 1 . . . . 1 . 1 . . . . . . 1 . . . . . . 1 . . . . . . . . . 1 . Machine Index 6 | . . . . . . . . . . . . . . . 1 . . . . . . . . . . . . . 1 . 1 . . . . . 1 1 1 . . . Terminal Index 8 | . . . . . . . . . . 1 . . . . 1 . 1 . . . . . . 1 . . . . 1 . 1 . . . . 1 . . . 1 . . Fabricator Index 3 | . . . . . . . . . . . . . . . . . . . . . . . . . . . . . . . . . . . . 1 1 . . . 1 . Garrison Index 1 | . . . . . . . . . . . . . . . . . . . . . . . . . . . . . . . 1 . . . . . . . . . . . Alert Level 7 | . . . . . . . . . . . . . . . 1 . 1 . . . . . . . . . . . 2 . 1 . . . . 1 . . . . . 1 Unreport Threat 23 | . . . . . . . . 2 . 1 . . . . . . 4 . . . . . . . . . . . 6 . 3 . . . . . 7 . . . . . Locate Traps 18 | . 1 . . . . . . . . 4 . . . . . . . . . . . . . . . . . . 3 . 2 . . . . 2 1 2 . 1 1 1 Reprogram Traps 1 | . . . . . . . . . . 1 . . . . . . . . . . . . . . . . . . . . . . . . . . . . . . . . Dispatch Records 8 | . . . . . . . . . . 1 . . . . 1 . . . . . . . . . . . . . 1 . 4 . . . . . 1 . . . . . Maintenance Status 1 | . . . . . . . . . . . . . . . . . . . . . . . . . . . . . . . . . . . . . 1 . . . . . Patrol Status 1 | . 1 . . . . . . . . . . . . . . . . . . . . . . . . . . . . . . . . . . . . . . . . . Extermination Status 1 | . . . . . . . . . . . . . . . . . . . . . . . . . . . . . . . . . . . . 1 . . . . . . Recall Investigation 8 | . . . . . . . . . . . . . . . 1 . 2 . . . . . . 1 . . . . 2 . . . . . . 1 . . . . 1 . Recall Extermination 9 | . . . . . . . . . . . . . . . . . 2 . . . . . . . . . . . 1 . 3 . . . . 1 . 1 . 1 . . Recall Reinforcements 9 | . 1 . . . . . . . . 1 . . . . . . . . . . . . . . . . . . . . 2 . . . . 1 1 3 . . . . Hauler Manifests 11 | . 1 . 1 . . . . . . 1 . . . . 1 . 1 . . . . . . 1 . . . . 1 . 1 . . . . 1 1 . . 1 . . Registered Components 5 | . . . 1 . . . . . . . . . . . . . . . . . . . . . . . . . . . . . . . . 1 . . . 1 1 1 Registered Prototypes 3 | . . . . . . . . 1 . . . . . . . . . . . . . . . . . . . . 1 . . . . . . 1 . . . . . . Zone Layout 23 | . . . . . . . . . . 1 . . . . 3 . 2 . . . . . . . . . . . 2 . 3 . . . . 3 3 3 . 3 . . Fabricator Hacks 26 | . . . . . . . . . . . . . . . 2 . 7 . . . . . . 2 . . . . 4 . . . . . . 2 . . . 3 6 . Network Status 1 | . . . . . . . . . . . . . . . . . 1 . . . . . . . . . . . . . . . . . . . . . . . . . Load Schematic 13 | . . . . . . . . . . . . . . . 1 . 3 . . . . . . 1 . . . . 2 . . . . . . 1 . . . 1 4 . Build 12 | . . . . . . . . . . . . . . . 1 . 3 . . . . . . 1 . . . . 2 . . . . . . 1 . . . 2 2 . Repair Station Hacks 38 | . 2 . . . . . . 2 . 3 . . . . . . 8 . . . . . . . . . . . 8 . 5 . . . . . . . 4 6 . . Scan Component 21 | . 1 . . . . . . 1 . 2 . . . . . . 4 . . . . . . . . . . . 4 . 3 . . . . . . . 2 4 . . Repair 17 | . 1 . . . . . . 1 . 1 . . . . . . 4 . . . . . . . . . . . 4 . 2 . . . . . . . 2 2 . . Recycling Unit Hacks 1 | . . . . . . . . . . . . . . . . . . . . . . . . . . . . . . . . . . . . . . . . . 1 . Retrieve Components 1 | . . . . . . . . . . . . . . . . . . . . . . . . . . . . . . . . . . . . . . . . . 1 . Scanalyzer 60 | . . . 13 . . . 3 5 . 1 . . . . 6 . . . . . . 8 . . . . . . . . . . . . . 17 6 1 . . . . Insert Component 30 | . . . 6 . . . 1 2 . 1 . . . . 3 . . . . . . 3 . . . . . . . . . . . . . 8 5 1 . . . . Analyze 30 | . . . 7 . . . 2 3 . . . . . . 3 . . . . . . 5 . . . . . . . . . . . . . 9 1 . . . . . Garrison Access Hacks 18 | . . . . . . . 1 2 . 2 . . . . 1 . 1 . . . . 2 . . . . . . 1 . . . . . . 2 . . 3 1 2 . Seal Access 18 | . . . . . . . 1 2 . 2 . . . . 1 . 1 . . . . 2 . . . . . . 1 . . . . . . 2 . . 3 1 2 . Unauthorized Hacks 61 | . . . 3 . . . . 2 . 4 . . . . 8 . 7 . . . . . . 4 . . . . 5 . 8 . . . . 6 3 2 . 5 4 . Terminals 46 | . . . 3 . . . . 2 . 4 . . . . 7 . 4 . . . . . . 2 . . . . 2 . 8 . . . . 5 3 2 . 3 1 . Track 6 | . . . . . . . . . . . . . . . 1 . . . . . . . . . . . . . . . 3 . . . . 2 . . . . . . Assimilate 16 | . . . . . . . . 1 . 3 . . . . 3 . 2 . . . . . . . . . . . . . 2 . . . . . 2 . . 2 1 . Botnet 17 | . . . 3 . . . . 1 . 1 . . . . 1 . 1 . . . . . . 1 . . . . 2 . 2 . . . . 1 1 2 . 1 . . Disrupt 3 | . . . . . . . . . . . . . . . 1 . . . . . . . . . . . . . . . 1 . . . . 1 . . . . . . Operators 4 | . . . . . . . . . . . . . . . 1 . 1 . . . . . . 1 . . . . . . . . . . . 1 . . . . . . Fabricators 12 | . . . . . . . . . . . . . . . 1 . 3 . . . . . . 2 . . . . 2 . . . . . . 1 . . . 1 2 . Prioritize 9 | . . . . . . . . . . . . . . . 1 . 2 . . . . . . 1 . . . . 2 . . . . . . 1 . . . 1 1 . Liberate 1 | . . . . . . . . . . . . . . . . . . . . . . . . . . . . . . . . . . . . . . . . . 1 . Haulers 2 | . . . . . . . . . . . . . . . . . 1 . . . . . . 1 . . . . . . . . . . . . . . . . . . Repair Stations . | . . . . . . . . . . . . . . . . . . . . . . . . . . . . . . . . . . . . . . . . . . . Recycling Units 1 | . . . . . . . . . . . . . . . . . . . . . . . . . . . . . . . . . . . . . . . . . 1 . Recyclers 1 | . . . . . . . . . . . . . . . . . . . . . . . . . . . . . . . . . . . . . . . . . 1 . Scanalyzers . | . . . . . . . . . . . . . . . . . . . . . . . . . . . . . . . . . . . . . . . . . . . Garrison Access 2 | . . . . . . . . . . . . . . . . . . . . . . . . . . . . . 1 . . . . . . . . . . 1 . . Watchers 2 | . . . . . . . . . . . . . . . . . . . . . . . . . . . . . 1 . . . . . . . . . . 1 . . Data Cores Recovered 4 | . 1 . 1 . . . . 1 . . . . . . . . . . . . . . . . . . . . . . . . . . . . . . . . . 1 Used 1 | . 1 . . . . . . . . . . . . . . . . . . . . . . . . . . . . . . . . . . . . . . . . . Hacking Detections 149 | . 6 . 9 . . . 6 10 . 17 . . . . 10 . 11 . . . . 1 . 7 . . . . 12 . 11 . . . . 7 7 3 2 9 17 4 Full Trace Events 17 | . . . 1 . . . . . . . . . . . 1 . 4 . . . . . . 2 . . . . 2 . . . . . . 1 . . . 1 5 . Feedback Events 1 | . . . . . . . . . . . . . . . . . . . . . . . . . . . . . . . . . . . . . . . . . 1 . Hackware Fried 1 | . . . . . . . . . . . . . . . . . . . . . . . . . . . . . . . . . . . . . . . . . 1 . Feedback Blocked . | . . . . . . . . . . . . . . . . . . . . . . . . . . . . . . . . . . . . . . . . . . . Robot Schematics Acquired 16 | . 3 . . . . . . . . . . . 7 . . . . . . 3 . . . . . . . . . . . . . . . . . . . 3 . . Robots Built . | . . . . . . . . . . . . . . . . . . . . . . . . . . . . . . . . . . . . . . . . . . . Authchips . | . . . . . . . . . . . . . . . . . . . . . . . . . . . . . . . . . . . . . . . . . . . Time . | . . . . . . . . . . . . . . . . . . . . . . . . . . . . . . . . . . . . . . . . . . . Total Robot Build Rating . | . . . . . . . . . . . . . . . . . . . . . . . . . . . . . . . . . . . . . . . . . . . Part Schematics Acquired 67 | . . . 6 . . . 1 2 . . . . 10 . 5 . 3 . . 14 . 3 . 1 . . . . 3 . 3 . . 4 . 6 2 2 . 2 . . Parts Built 12 | . . . . . . . . . . . . . . . 1 . 3 . . . . . . 2 . . . . 2 . . . . . . 1 . . . 1 2 . Authchips . | . . . . . . . . . . . . . . . . . . . . . . . . . . . . . . . . . . . . . . . . . . . Time 745 | . . . . . . . . . . . . . . . 26 . 254 . . . . . . 47 . . . . 63 . . . . . . 34 . . . 213 108 . Total Part Build Rating 71 | . . . . . . . . . . . . . . . 6 . 14 . . . . . . 10 . . . . 10 . . . . . . 8 . . . 9 14 . Parts Repaired 17 | . 1 . . . . . . 1 . 1 . . . . . . 4 . . . . . . . . . . . 4 . 2 . . . . . . . 2 2 . . Time 768 | . 26 . . . . . . 51 . 54 . . . . . . 250 . . . . . . . . . . . 133 . 41 . . . . . . . 112 101 . . Parts Recycled . | . . . . . . . . . . . . . . . . . . . . . . . . . . . . . . . . . . . . . . . . . . . Recycled Matter . | . . . . . . . . . . . . . . . . . . . . . . . . . . . . . . . . . . . . . . . . . . . Retrieved Matter . | . . . . . . . . . . . . . . . . . . . . . . . . . . . . . . . . . . . . . . . . . . . Retrieved Components 7 | . . . . . . . . . . . . . . . . . . . . . . . . . . . . . . . . . . . . . . . . . 7 . Parts Scanalyzed 21 | . . . 6 . . . 1 2 . . . . . . 3 . . . . . . 3 . . . . . . . . . . . . . 5 1 . . . . . Part Schematics Acquired 21 | . . . 6 . . . 1 2 . . . . . . 3 . . . . . . 3 . . . . . . . . . . . . . 5 1 . . . . . Parts Damaged 2 | . . . . . . . . . . . . . . . 1 . . . . . . . . . . . . . . . . . . . . 1 . . . . . . Bothacking | -11 -10 -10 -9 -9 -9 -8 -8 -7 -7 -7 -7 -7 -7 -6 -6 -6 -6 -6 -6 -6 -5 -5 -5 -5 -5 -5 -5 -4 -4 -4 -4 -4 -4 -4 -3 -3 -3 -3 -2 -2 -1 -1 ------------ Run | Yrd Mat Min Mat Min Exi Min Mat Fac Was Fac Low Low Dat Pro Fac Was Fac Low Low Zio Pro Fac Was Fac Upp Upp War Pro Fac Was Fac Upp Upp Zhi Pro Res Qua Sec Res Tes Acc Com Used RIF Installer . | . . . . . . . . . . . . . . . . . . . . . . . . . . . . . . . . . . . . . . . . . . . Robots Hacked 12 | . . . . . 4 . . 1 . . . . 1 . . . . . . 4 . . . . . . 2 . . . . . . . . . . . . . . . Non-combat 5 | . . . . . 3 . . 1 . . . . . . . . . . . 1 . . . . . . . . . . . . . . . . . . . . . . Combat 7 | . . . . . 1 . . . . . . . 1 . . . . . . 3 . . . . . . 2 . . . . . . . . . . . . . . . Robot Hacks Applied 12 | . . . . . 4 . . 1 . . . . 1 . . . . . . 4 . . . . . . 2 . . . . . . . . . . . . . . . parse_system 11 | . . . . . 4 . . . . . . . 1 . . . . . . 4 . . . . . . 2 . . . . . . . . . . . . . . . find_chute 1 | . . . . . . . . 1 . . . . . . . . . . . . . . . . . . . . . . . . . . . . . . . . . . Relay Couplers Released . | . . . . . . . . . . . . . . . . . . . . . . . . . . . . . . . . . . . . . . . . . . . Fabnet Peak Effective % . | . . . . . . . . . . . . . . . . . . . . . . . . . . . . . . . . . . . . . . . . . . . Robots Rewired 6 | . . . . . . . . 1 . . . . . . . . . . . . . . . . . . 5 . . . . . . . . . . . . . . . Allies Hacked . | . . . . . . . . . . . . . . . . . . . . . . . . . . . . . . . . . . . . . . . . . . . Hacks Repelled . | . . . . . . . . . . . . . . . . . . . . . . . . . . . . . . . . . . . . . . . . . . . Allies | -11 -10 -10 -9 -9 -9 -8 -8 -7 -7 -7 -7 -7 -7 -6 -6 -6 -6 -6 -6 -6 -5 -5 -5 -5 -5 -5 -5 -4 -4 -4 -4 -4 -4 -4 -3 -3 -3 -3 -2 -2 -1 -1 -------- Run | Yrd Mat Min Mat Min Exi Min Mat Fac Was Fac Low Low Dat Pro Fac Was Fac Low Low Zio Pro Fac Was Fac Upp Upp War Pro Fac Was Fac Upp Upp Zhi Pro Res Qua Sec Res Tes Acc Com Total Allies 62 | . . . . . . . . 1 . 1 . . . . 3 18 2 . . 3 . . 20 . . . 5 . . . 2 . . . . . 1 . . 2 4 . Largest Group 20 | . . . . . . . . 1 . 1 . . . . 2 18 6 . . 3 3 . 20 . . . 5 5 4 . 1 . . . . . 1 . . 2 3 . Highest-Rated Group 733 | . . . . . . . . 21 . 26 . . . . 20 638 202 . . 82 79 . 733 . . . 242 242 193 . 26 . . . . . 26 . . 71 144 . Highest-Rated Ally 65 | . . . . . . . . 21 . 26 . . . . 10 50 46 . . 31 31 . 50 . . . 65 65 65 . 26 . . . . . 26 . . 45 48 . Total Orders 35 | . . . . . . . . . . . . . . . 2 . 4 . . . . . . . . . 6 . 2 . . . . . . . 2 . 11 8 . . STAY 15 | . . . . . . . . . . . . . . . 1 . 3 . . . . . . . . . 5 . 1 . . . . . . . 1 . . 4 . . FOLLOW 10 | . . . . . . . . . . . . . . . 1 . 1 . . . . . . . . . 1 . 1 . . . . . . . 1 . 1 4 . . EXPLORE 5 | . . . . . . . . . . . . . . . . . . . . . . . . . . . . . . . . . . . . . . . 5 . . . RETURN 5 | . . . . . . . . . . . . . . . . . . . . . . . . . . . . . . . . . . . . . . . 5 . . . Ally Attacks 269 | . . . . . . . . 3 . . . . . . . 93 14 . . . 8 . 103 . . . 14 16 10 . . . . . . . . . . . 8 . Total Damage 12392 | . . . . . . . . 75 . . . . . . . 3444 215 . . . 66 . 6466 . . . 772 439 639 . . . . . . . . . . . 276 . Kills 32 | . . . . . . . . . . . . . . . . 9 1 . . . 1 . 10 . . . 3 3 4 . . . . . . . . . . . 1 . Allies Corrupted . | . . . . . . . . . . . . . . . . . . . . . . . . . . . . . . . . . . . . . . . . . . . Allies Melted 4 | . . . . . . . . . . . . . . . . . . . . . . . . . . . 1 . . . . . . . . . . . 3 . . . Intel | -11 -10 -10 -9 -9 -9 -8 -8 -7 -7 -7 -7 -7 -7 -6 -6 -6 -6 -6 -6 -6 -5 -5 -5 -5 -5 -5 -5 -4 -4 -4 -4 -4 -4 -4 -3 -3 -3 -3 -2 -2 -1 -1 ------- Run | Yrd Mat Min Mat Min Exi Min Mat Fac Was Fac Low Low Dat Pro Fac Was Fac Low Low Zio Pro Fac Was Fac Upp Upp War Pro Fac Was Fac Upp Upp Zhi Pro Res Qua Sec Res Tes Acc Com Robot Analysis Total 10 | . . . 2 . . . . . . . . . . . . . 1 . . . . . . 1 . . . . 1 . . . . 4 . . . . . 1 . . Derelict Logs Recovered 9 | . . . . . . . . . . . 2 . . . . . . 1 . . 2 . . . 1 1 . 1 . . . . 1 . . . . . . . . . Drone Launches 4 | . . . . . . . . . . . . . . . . . . . . . . . . . . . . . . . . . . . . . . . 4 . . . Drone Recoveries 4 | . . . . . . . . . . . . . . . . . . . . . . . . . . . . . . . . . . . . . . . 4 . . . Exploration | -11 -10 -10 -9 -9 -9 -8 -8 -7 -7 -7 -7 -7 -7 -6 -6 -6 -6 -6 -6 -6 -5 -5 -5 -5 -5 -5 -5 -4 -4 -4 -4 -4 -4 -4 -3 -3 -3 -3 -2 -2 -1 -1 ------------- Run | Yrd Mat Min Mat Min Exi Min Mat Fac Was Fac Low Low Dat Pro Fac Was Fac Low Low Zio Pro Fac Was Fac Upp Upp War Pro Fac Was Fac Upp Upp Zhi Pro Res Qua Sec Res Tes Acc Com Turns Passed 30609 | 24 1314 217 2223 346 583 1048 2311 852 23 1974 412 57 1265 228 1037 107 1167 112 162 385 631 514 126 1041 192 179 574 339 1856 20 1042 69 253 59 149 1406 582 1005 1465 787 2048 425 Spaces Moved 47517 | 12 709 111 927 136 241 427 794 2051 88 3181 714 191 293 653 2124 193 2529 465 700 1021 678 906 281 2357 640 399 944 791 2853 86 1965 197 636 187 486 2583 1235 1499 3584 1647 5161 842 Core 89 | . . . . . . . . . . . . . . . . . . . . . . . . . . . . . . . . . . . . . . . . . . 89 Treads 2246 | . . . 649 136 241 427 793 . . . . . . . . . . . . . . . . . . . . . . . . . . . . . . . . . . . Legs 1110 | 12 709 111 278 . . . . . . . . . . . . . . . . . . . . . . . . . . . . . . . . . . . . . . . Wheels . | . . . . . . . . . . . . . . . . . . . . . . . . . . . . . . . . . . . . . . . . . . . Hover . | . . . . . . . . . . . . . . . . . . . . . . . . . . . . . . . . . . . . . . . . . . . Flight 44072 | . . . . . . . 1 2051 88 3181 714 191 293 653 2124 193 2529 465 700 1021 678 906 281 2357 640 399 944 791 2853 86 1965 197 636 187 486 2583 1235 1499 3584 1647 5161 753 Fastest Speed 6 | 120 120 190 160 240 240 240 242 26 23 26 26 26 26 26 22 22 22 22 22 22 22 22 22 22 23 23 23 23 23 23 23 23 23 23 23 19 13 13 17 16 6 17 Average Speed 35 | 120 153 190 208 240 240 242 243 26 25 26 26 26 31 26 22 22 22 22 22 22 22 22 22 22 23 23 24 23 23 23 23 23 23 23 23 19 19 20 18 17 16 21 Slowest Speed 306 | 120 190 190 240 240 240 243 306 230 26 94 26 26 93 26 23 22 22 22 22 22 22 22 22 23 23 23 87 23 87 23 23 23 23 23 23 23 20 99 20 85 84 150 Overloaded Moves 60 | . . . . . . . . . 7 . . . . . . . . . . . . . . . . . . . . . . . . . . . 17 18 . . 18 . Propulsion Burnouts . | . . . . . . . . . . . . . . . . . . . . . . . . . . . . . . . . . . . . . . . . . . . Robots Hopped 218 | . . . . . . . . 20 . 24 . . . . 1 . 27 . . . . 2 . 30 1 . 1 . 13 . 6 . 2 . . 25 2 12 9 9 31 3 Cave-ins Triggered . | . . . . . . . . . . . . . . . . . . . . . . . . . . . . . . . . . . . . . . . . . . . Exploration Rate (%) 62 | 2 94 18 74 23 69 86 60 60 85 63 70 30 81 70 42 74 46 58 73 88 78 20 92 39 75 53 89 80 55 92 40 41 73 62 66 41 88 61 85 92 73 25 Regions Visited 42 Branch Regions 24 Pre-discovered Areas 7 | . . . . . 1 . . . . . . . 1 . . . . . . 2 . . . . . . . . . . . . . 3 . . . . . . . . Known Exits Taken 28 | . . . 1 . . . 1 . . 1 1 1 1 1 . . 1 1 1 1 1 . . 1 1 1 1 1 . . 1 1 1 1 1 1 1 1 1 1 1 . Unknown Exits Taken 6 | 1 1 1 . 1 1 1 . . . . . . . . . . . . . . . . . . . . . . . . . . . . . . . . . . . . Scrap Searched 45 | . . . . 1 . 2 . . . . 7 3 . 2 . . . 4 3 3 4 . . . 3 2 . 4 . . . 2 3 . 2 . . . . . . . Spaces Dug 561 | . . . . . . . . 30 . 52 8 . . 3 27 . 42 . . . 25 15 . 37 . 2 7 2 36 . 31 1 5 . 2 66 12 21 27 12 96 2 Terrain Destroyed 1515 | . . . 21 . . 31 30 30 . 73 15 . . 3 27 . 42 . . . 66 15 . 55 . 12 7 2 114 . 43 7 26 . 7 67 30 27 62 97 477 129 Melee 478 | . . . . . . . . 30 . 47 . . . 3 27 . 42 . . . 12 15 . 37 . 1 7 1 34 . 23 1 5 . 2 61 11 21 19 11 66 2 Projectile 44 | . . . . . . . 1 . . . . . . . . . . . . . . . . . . 1 . 1 10 . 4 . . . . 6 1 2 . 6 12 . AOE 993 | . . . 21 . . 31 29 . . 26 15 . . . . . . . . . 54 . . 18 . 10 . . 70 . 16 6 21 . 5 . 18 4 43 80 399 127 Terrain Rammed . | . . . . . . . . . . . . . . . . . . . . . . . . . . . . . . . . . . . . . . . . . . . Walls Destroyed . | . . . . . . . . . . . . . . . . . . . . . . . . . . . . . . . . . . . . . . . . . . . Machines Disabled . | . . . . . . . . . . . . . . . . . . . . . . . . . . . . . . . . . . . . . . . . . . . Actions | -11 -10 -10 -9 -9 -9 -8 -8 -7 -7 -7 -7 -7 -7 -6 -6 -6 -6 -6 -6 -6 -5 -5 -5 -5 -5 -5 -5 -4 -4 -4 -4 -4 -4 -4 -3 -3 -3 -3 -2 -2 -1 -1 --------- Run | Yrd Mat Min Mat Min Exi Min Mat Fac Was Fac Low Low Dat Pro Fac Was Fac Low Low Zio Pro Fac Was Fac Upp Upp War Pro Fac Was Fac Upp Upp Zhi Pro Res Qua Sec Res Tes Acc Com Total 59043 | 15 872 117 1147 147 246 435 1046 2252 87 4159 932 196 1426 699 2575 254 2987 470 706 1177 1121 1179 344 2714 684 479 1255 942 3870 85 2434 213 725 200 512 3263 1510 2105 4295 2089 6054 1025 Wait 9214 | . 99 1 94 . . . 81 95 . 823 198 . 1093 38 247 61 407 3 6 149 418 250 64 282 38 58 235 146 858 . 360 9 82 1 12 557 183 506 586 394 695 85 Move 47068 | 11 708 110 926 135 240 426 793 2018 87 3134 713 190 292 652 2122 192 2477 464 699 1020 677 902 280 2299 637 398 941 790 2827 85 1953 196 631 186 485 2537 1230 1475 3567 1628 5099 836 Hop 193 | . . . . . . . . 13 . 22 . . . . 1 . 24 . . . . 2 . 27 1 . 1 . 13 . 5 . 2 . . 20 2 11 7 9 30 3 Pick Up 207 | . 10 1 28 3 . . 13 6 . 7 3 . 3 . 19 . 5 . . . . 1 . 4 4 2 8 . 11 . 8 . . 3 . 11 10 5 17 3 9 13 Fast Attach 162 | 1 1 2 7 . . . 7 5 . 7 . 2 . . 14 . . . . . . 1 . 6 . 4 11 . 15 . 7 . . 3 2 9 11 15 9 5 10 8 Attach 82 | . . . 3 . . . 6 5 . 1 . . 2 . 7 . 4 . . . . 1 . 4 1 2 4 . 4 . 4 . . . . 3 3 10 3 . 6 9 Detach 48 | . . 2 2 . . . 1 2 . 2 . 1 1 . 7 . . . . . . . . . . 2 . . 1 . 1 . . . 1 4 5 5 1 1 1 8 Swap 419 | . 10 1 22 2 2 4 34 7 . 40 9 2 5 3 32 . 8 2 1 3 7 3 . 20 1 4 8 4 34 . 24 5 2 1 6 14 17 23 24 9 19 7 Drop 297 | . 10 . 29 2 . 2 30 9 . 10 4 1 1 . 28 . 4 . . . . 1 . 7 2 5 20 . 18 . 15 . . 5 1 16 17 8 19 6 13 14 Fire 287 | 3 33 . 35 4 . 3 57 . . 6 2 . . . . . . . . . 4 . . 2 . 3 . 1 13 . 8 2 3 . 3 8 5 8 9 12 56 7 Melee 920 | . . . . . 4 . . 56 . 80 2 . 24 6 54 1 58 1 . 5 15 18 . 58 . 1 26 1 76 . 49 1 5 1 2 84 27 39 53 22 116 35 Ram . | . . . . . . . . . . . . . . . . . . . . . . . . . . . . . . . . . . . . . . . . . . . Kick 2 | . 1 . 1 . . . . . . . . . . . . . . . . . . . . . . . . . . . . . . . . . . . . . . . Crush 12 | . . . . 1 . . 11 . . . . . . . . . . . . . . . . . . . . . . . . . . . . . . . . . . . Escape Stasis 54 | . . . . . . . . 36 . . . . . . 18 . . . . . . . . . . . . . . . . . . . . . . . . . . . Rewire 1 | . . . . . . . . . . . . . . . . . . . . . . . . . . . 1 . . . . . . . . . . . . . . . Trap 77 | . . . . . . . 13 . . 27 1 . 5 . 26 . . . . . . . . 5 . . . . . . . . . . . . . . . . . . Miscellaneous . | . . . . . . . . . . . . . . . . . . . . . . . . . . . . . . . . . . . . . . . . . . . Route ------- -11/Scrapyard -10/Materials (discovered 5 exits: *Mat x3 / *Min / [*Sub]) -10/Mines -9/Materials (discovered 4 exits: *Mat x2 / *Min x2) -9/Mines -9/Exiles -8/Mines (discovered 2 exits: *Mat x2) -8/Materials (discovered 3 exits: *Fac x2 / [*Sto]) -7/Factory (discovered 3 exits: *Fac x2 / *Low) -7/Waste -7/Factory (discovered 4 exits: *Fac x2 / *Low x2) -7/Lower Caves -7/Lower Caves -7/Data Miner -6/Proximity Caves -6/Factory (discovered 4 exits: *Fac x2 / *Low x2) -6/Waste -6/Factory (discovered 2 exits: *Low x2) -6/Lower Caves -6/Lower Caves -6/Zion -5/Proximity Caves -5/Factory (discovered 4 exits: Fac x2 / *Upp x2) -5/Waste -5/Factory (discovered 3 exits: *Fac / *Upp x2) -5/Upper Caves -5/Upper Caves -5/Warlord -4/Proximity Caves -4/Factory (discovered 4 exits: *Res x2 / *Upp / *Arm) -4/Waste -4/Factory (discovered 7 exits: *Res x2 / *Upp x2 / *Ext x2 / Arm) -4/Upper Caves -4/Upper Caves -4/Zhirov -3/Proximity Caves -3/Research -3/Quarantine (discovered 2 exits: *Res / *Sec) -3/Section 7 -2/Research (discovered 4 exits: *Acc x2 / *Tes x2) -2/Testing -1/Access (discovered 2 exits: *Sur / *Com) -1/Command History --------- Turn | Location | Event 1 | -11/Scrapyard | Discovered new exit (range 3) 25 | -11/Scrapyard | Entered Materials 155 | -10/Materials | Discovered new exit (range 16) 301 | -10/Materials | Build established: Mutant 630 | -10/Materials | Repaired Assault Rifle 656 | -10/Materials | Discovered new exit (range 15) 657 | -10/Materials | Discovered new exit (range 9) 779 | -10/Materials | Discovered new exit (range 15) 1067 | -10/Materials | Discovered new exit (range 5) 1339 | -10/Materials | Entered Mines 1382 | -10/Mines | Met a Derelict who couldn't figure out how to use a Trap Extractor 1435 | -10/Mines | Discovered new exit (range 7) 1510 | -10/Mines | System corruption reached 10% 1556 | -10/Mines | Entered Materials 1556 | -9/Materials | Evolved 2 slots: Propulsion x1, Utility x1 2122 | -9/Materials | Central database locked down 2457 | -9/Materials | Discovered new exit (range 15) 3014 | -9/Materials | Discovered new exit (range 10) 3082 | -9/Materials | Identified exit to Mines 3779 | -9/Materials | Entered Mines 3901 | -9/Mines | Deemed a non-threat by the Exiles lab entrance 3901 | -9/Mines | Discovered new exit (range 5) 4008 | -9/Mines | Found a damaged Exp. Sensor Array with a note attached 4014 | -9/Mines | Found Prototype Device 4125 | -9/Mines | Entered Exiles 4190 | -9/Exiles | Met 8R-AWN 4226 | -9/Exiles | Met EX-HEX 4292 | -9/Exiles | Met EX-BIN 4466 | -9/Exiles | Met EX-DEC 4580 | -9/Exiles | Learned location of Zion (-6) 4688 | -9/Exiles | Discovered new exit (range 10) 4708 | -9/Exiles | Entered Mines 5051 | -8/Mines | Discovered new exit (range 5) 5477 | -8/Mines | Discovered new exit (range 8) 5756 | -8/Mines | Entered Materials 5756 | -8/Materials | Evolved 2 slots: Propulsion x1, Utility x1 5757 | -8/Materials | Identified Exp. Sensor Array 6031 | -8/Materials | Discovered new exit (range 13) 7018 | -8/Materials | Discovered new exit (range 10) 7910 | -8/Materials | Discovered new exit (range 16) 8047 | -8/Materials | Identified exit to Factory 8067 | -8/Materials | Entered Factory 8067 | -7/Factory | Evolved 2 slots: Utility x2 8222 | -7/Factory | Repaired Imp. Assault Rifle? 8297 | -7/Factory | Discovered new exit (range 9) 8343 | -7/Factory | Discovered new exit (range 5) 8347 | -7/Factory | Identified exit to Factory 8359 | -7/Factory | Identified exit to Lower Caves 8367 | -7/Factory | Build established: Hacker-Sprinter 8668 | -7/Factory | Discovered exit to Factory (range 6) 8919 | -7/Factory | Manually triggered Chute Trap 8919 | -7/Factory | Sucked down chute 8919 | -7/Factory | Entered Waste 8923 | -7/Waste | Spotted C-40 Crusher 8927 | -7/Waste | Spotted C-40 Crusher 8932 | -7/Waste | Spotted C-40 Crusher 8934 | -7/Waste | EMP discharged 8934 | -7/Waste | System corruption reached 10% 8934 | -7/Waste | Spotted C-40 Crusher 8936 | -7/Waste | Spotted C-40 Crusher 8939 | -7/Waste | Spotted C-40 Crusher 8939 | -7/Waste | Discovered new exit (range 10) 8942 | -7/Waste | Identified exit to Factory 8942 | -7/Waste | Entered Factory 9222 | -7/Factory | Repaired Exp. Sensor Array 10031 | -7/Factory | Discovered exit to Factory (range 7) 10804 | -7/Factory | Discovered exit to Factory (range 8) 10916 | -7/Factory | Entered Lower Caves 11069 | -7/Lower Caves | Learned Factory emergency access door positions 11077 | -7/Lower Caves | Learned Factory emergency access door positions 11315 | -7/Lower Caves | Discovered new exit (range 9) 11317 | -7/Lower Caves | Identified exit to Lower Caves 11328 | -7/Lower Caves | Entered another Lower Caves area 11382 | -7/Lower Caves | Discovered new exit (range 7) 11383 | -7/Lower Caves | Identified exit to Data Miner 11385 | -7/Lower Caves | Entered Data Miner 11385 | -7/Data Miner | Discovered new exit (range 9) 11673 | -7/Data Miner | Build established: Hacker-Gladiator 12459 | -7/Data Miner | Met Data Miner 12467 | -7/Data Miner | Learned location of Section 7 (-3) 12467 | -7/Data Miner | Acquired the access code to Warlord's prototype stash 12469 | -7/Data Miner | Received God Mode back door access code from Data Miner 12520 | -7/Data Miner | Identified exit to Proximity Caves 12544 | -7/Data Miner | Destroyed Data Miner 12547 | -7/Data Miner | Found System Mapper 12550 | -7/Data Miner | Data Conduit disabled 12650 | -7/Data Miner | Entered Proximity Caves 12829 | -6/Proximity Caves | Build established: Sprinter 12865 | -6/Proximity Caves | Discovered exit to Factory (range 8) 12878 | -6/Proximity Caves | Entered Factory 12878 | -6/Factory | Evolved 2 slots: Propulsion x1, Utility x1 12894 | -6/Factory | Identified exit to Lower Caves 13295 | -6/Factory | Discovered new exit (range 8) 13299 | -6/Factory | Identified exit to Factory 13492 | -6/Factory | Central database locked down 13500 | -6/Factory | Discovered exit to Factory (range 3) 13534 | -6/Factory | Build established: Hacker-Sprinter 13675 | -6/Factory | Fabricated Adv. Hacking Suite? 13818 | -6/Factory | Cargo convoy interrupted 13878 | -6/Factory | Found Prototype Hackware 13889 | -6/Factory | Identified Exp. System Shield 13915 | -6/Factory | Sucked down chute 13915 | -6/Factory | Entered Waste 13920 | -6/Waste | Spotted C-40 Crusher 13923 | -6/Waste | Spotted C-40 Crusher 13928 | -6/Waste | Warlord forces began an assault 13943 | -6/Waste | Spotted C-40 Crusher 13966 | -6/Waste | Spotted C-40 Crusher 13966 | -6/Waste | Spotted C-40 Crusher 13972 | -6/Waste | Allies destroyed C-40 Crusher 13976 | -6/Waste | Discovered new exit (range 12) 14006 | -6/Waste | Identified exit to Factory 14014 | -6/Waste | Lost 10 allies 14022 | -6/Waste | Entered Factory 14022 | -6/Factory | Accompanied by 6 allies 14101 | -6/Factory | Fabricated Adv. Hacking Suite (x1) 14158 | -6/Factory | Lost 4 allies 14515 | -6/Factory | Repaired Imp. Cesium-ion Thruster 14527 | -6/Factory | Fabricated Cld. VTOL Module? 14576 | -6/Factory | Repaired Imp. VTOL Module 14627 | -6/Factory | Repaired Lgt. Fission Core? 14891 | -6/Factory | Repaired Cld. VTOL Module? 14956 | -6/Factory | Fabricated Cld. VTOL Module (x1) 15189 | -6/Factory | Entered Lower Caves 15296 | -6/Lower Caves | Discovered new exit (range 5) 15297 | -6/Lower Caves | Identified exit to Lower Caves 15298 | -6/Lower Caves | Learned 4 Factory zone layouts 15301 | -6/Lower Caves | Entered another Lower Caves area 15461 | -6/Lower Caves | Discovered new exit (range 9) 15463 | -6/Lower Caves | Identified exit to Zion 15463 | -6/Lower Caves | Entered Zion 15483 | -6/Zion | Given the Hacking Drone Bay 15490 | -6/Zion | Discovered new exit (range 8) 15513 | -6/Zion | Given A8's code to call for help 15539 | -6/Zion | Acquired unknown access codes intercepted by a Zionite 15568 | -6/Zion | Gained Derelict followers 15657 | -6/Zion | Learned location of Warlord (-5) 15836 | -6/Zion | Identified exit to Proximity Caves 15848 | -6/Zion | Entered Proximity Caves 15848 | -5/Proximity Caves | Accompanied by 3 allies 15850 | -5/Proximity Caves | Attracted the attention of an 0b10 checkpoint 15888 | -5/Proximity Caves | Lost 3 allies 16330 | -5/Proximity Caves | Learned location of 2 exits from Factory 16476 | -5/Proximity Caves | Discovered exit to Factory (range 9) 16478 | -5/Proximity Caves | Learned Factory garrison access intel 16479 | -5/Proximity Caves | Entered Factory 16479 | -5/Factory | Evolved 2 slots: Utility x2 16480 | -5/Factory | Identified exit to Factory 16481 | -5/Factory | Identified exit to Upper Caves 16482 | -5/Factory | Loaded intel: 4 garrison access locations 16827 | -5/Factory | Build established: Hacker-Scout 16893 | -5/Factory | Discovered exit to Upper Caves (range 15) 16993 | -5/Factory | Manually triggered Chute Trap 16993 | -5/Factory | Sucked down chute 16993 | -5/Factory | Entered Waste 16994 | -5/Waste | Met a frightened Derelict 17002 | -5/Waste | Warlord forces began an assault 17025 | -5/Waste | Spotted C-40 Crusher 17029 | -5/Waste | Spotted C-40 Crusher 17053 | -5/Waste | Spotted C-40 Crusher 17054 | -5/Waste | Allies destroyed C-40 Crusher 17058 | -5/Waste | Spotted C-40 Crusher 17060 | -5/Waste | Allies destroyed C-40 Crusher 17096 | -5/Waste | Spotted C-40 Crusher 17106 | -5/Waste | Spotted C-40 Crusher 17117 | -5/Waste | Discovered new exit (range 10) 17119 | -5/Waste | Identified exit to Factory 17119 | -5/Waste | Entered Factory 17120 | -5/Factory | Lost 17 allies 17125 | -5/Factory | Identified exit to DSF 17355 | -5/Factory | Fabricated Adv. Signal Interpreter? 17992 | -5/Factory | Discovered exit to Factory (range 7) 18064 | -5/Factory | Lost 3 parts (1n2u) 18160 | -5/Factory | Entered Upper Caves 18185 | -5/Upper Caves | Build established: Hacker-Sprinter 18347 | -5/Upper Caves | Discovered new exit (range 5) 18348 | -5/Upper Caves | Identified exit to Upper Caves 18352 | -5/Upper Caves | Entered another Upper Caves area 18497 | -5/Upper Caves | Discovered new exit (range 15) 18505 | -5/Upper Caves | Learned Factory stockpile data 18530 | -5/Upper Caves | Identified exit to Warlord 18531 | -5/Upper Caves | Entered Warlord 18539 | -5/Warlord | System corruption cleaned by Quarantine Array 18605 | -5/Warlord | Met Warlord 18607 | -5/Warlord | Opened Warlord's prototype stash 18610 | -5/Warlord | Found Prototype Device 18610 | -5/Warlord | Identified Exp. Phase Shifter 18623 | -5/Warlord | Warlord's base attacked by MAIN.C 18623 | -5/Warlord | Found Prototype Processor 18623 | -5/Warlord | Identified Exp. Core Analyzer 18626 | -5/Warlord | Found Ghost Barrier 18687 | -5/Warlord | Found Prototype Device 18687 | -5/Warlord | Identified Minesniffer Drone Bay 18833 | -5/Warlord | P-80 Master assimilated allied WX-KXD(m) 18846 | -5/Warlord | P-70 Sage assimilated allied HJ-4BI(g) 18917 | -5/Warlord | Lost 3 allies 18973 | -5/Warlord | Warlord forces counterattacked 19015 | -5/Warlord | Spotted Executioner 19034 | -5/Warlord | Spotted Striker 19044 | -5/Warlord | Spotted Executioner 19046 | -5/Warlord | Allies destroyed Striker 19048 | -5/Warlord | Found Exp. Core Analyzer 19069 | -5/Warlord | Discovered new exit (range 8) 19070 | -5/Warlord | Identified exit to Proximity Caves 19077 | -5/Warlord | Lost 8 allies 19105 | -5/Warlord | Entered Proximity Caves 19105 | -4/Proximity Caves | Accompanied by 5 allies 19182 | -4/Proximity Caves | Spotter reported a threat 19280 | -4/Proximity Caves | Spotter reported a threat 19388 | -4/Proximity Caves | Discovered exit to Factory (range 9) 19444 | -4/Proximity Caves | Entered Factory 19444 | -4/Factory | Accompanied by 4 allies 19444 | -4/Factory | Evolved 2 slots: Utility x2 19445 | -4/Factory | Identified exit to Armory 19513 | -4/Factory | Repaired Exp. Sensor Array 19548 | -4/Factory | Found Unknown Device 19548 | -4/Factory | Identified Quantum Capacitor 19742 | -4/Factory | Discovered new exit (range 6) 19754 | -4/Factory | Build established: Wizard-Sprinter 19757 | -4/Factory | Identified exit to Upper Caves 20033 | -4/Factory | Repaired Imp. Light Armor Plating 20064 | -4/Factory | Discovered new exit (range 8) 20066 | -4/Factory | Identified exit to Research 20070 | -4/Factory | Repaired Cld. VTOL Module? 20579 | -4/Factory | Repaired Lgt. Angular Momentum Engine 20672 | -4/Factory | Central database locked down 20779 | -4/Factory | Discovered exit to Research (range 13) 21020 | -4/Factory | Fabricated Cld. Cesium-ion Thruster (x1) 21031 | -4/Factory | Fabricated Exp. Utility Shielding? 21080 | -4/Factory | Build established: Wizard-Scout 21300 | -4/Factory | Manually triggered Chute Trap 21300 | -4/Factory | Sucked down chute 21300 | -4/Factory | Entered Waste 21305 | -4/Waste | Spotted C-40 Crusher 21308 | -4/Waste | Spotted C-40 Crusher 21308 | -4/Waste | Spotted C-40 Crusher 21308 | -4/Waste | Spotted C-40 Crusher 21311 | -4/Waste | Spotted C-40 Crusher 21315 | -4/Waste | Spotted C-40 Crusher 21318 | -4/Waste | Discovered new exit (range 10) 21320 | -4/Waste | Identified exit to Factory 21320 | -4/Waste | Entered Factory 21335 | -4/Factory | Identified exit to Extension 21371 | -4/Factory | Repaired Mni. Grenade Launcher 21607 | -4/Factory | Discovered exit to Research (range 5) 21729 | -4/Factory | Build established: Wizard-Sprinter 22011 | -4/Factory | Discovered exit to Research (range 12) 22280 | -4/Factory | Repaired Force Lance 22362 | -4/Factory | Entered Upper Caves 22427 | -4/Upper Caves | Discovered new exit (range 6) 22428 | -4/Upper Caves | Identified exit to Upper Caves 22431 | -4/Upper Caves | Entered another Upper Caves area 22432 | -4/Upper Caves | Encountered a Warlord checkpoint 22599 | -4/Upper Caves | Learned Research stockpile data 22682 | -4/Upper Caves | Discovered new exit (range 6) 22683 | -4/Upper Caves | Identified exit to Zhirov 22684 | -4/Upper Caves | Entered Zhirov 22684 | -4/Zhirov | Discovered new exit (range 3) 22689 | -4/Zhirov | Met Zhirov 22693 | -4/Zhirov | Learned location of Quarantine (-3) 22693 | -4/Zhirov | Learned location of Testing (-2) 22693 | -4/Zhirov | Learned location of Command (-1) 22695 | -4/Zhirov | Zhirov requested help retrieving the SGEMP Prototype 22702 | -4/Zhirov | Found Alien Artifact 22702 | -4/Zhirov | Identified Integrated Dissipator 22702 | -4/Zhirov | Installed Integrated Dissipator, increased core heat dissipation (+20) 22725 | -4/Zhirov | Found Alien Artifact 22741 | -4/Zhirov | Identified exit to Proximity Caves 22743 | -4/Zhirov | Entered Proximity Caves 22816 | -3/Proximity Caves | Build established: Wizard-Scout 22891 | -3/Proximity Caves | Discovered exit to Research (range 5) 22892 | -3/Proximity Caves | Entered Research 22892 | -3/Research | Evolved 2 slots: Propulsion x1, Utility x1 22893 | -3/Research | Identified exit to Quarantine 23091 | -3/Research | Fabricated Imp. Diametric Drive? 23647 | -3/Research | Identified Transdimensional Reconstructor 23709 | -3/Research | Spotted B-86 Titan 24027 | -3/Research | Build established: Wizard-Sprinter 24298 | -3/Research | Entered Quarantine 24323 | -3/Quarantine | Found Alien Artifact 24327 | -3/Quarantine | Identified Phase Redirector 24333 | -3/Quarantine | Cryocooling Duct disabled 24348 | -3/Quarantine | Ambient heat levels rising (+20) 24348 | -3/Quarantine | Non-combat units ordered to evacuate 24420 | -3/Quarantine | Found Alien Artifact 24426 | -3/Quarantine | Identified Core Reset Matrix 24463 | -3/Quarantine | Found Prototype Device 24490 | -3/Quarantine | Found Alien Impact Weapon 24490 | -3/Quarantine | Identified Core Stripper 24499 | -3/Quarantine | Identified Exp. Thermal Shield 24657 | -3/Quarantine | Found Alien Artifact 24657 | -3/Quarantine | Identified Phase Armor 24667 | -3/Quarantine | Discovered new exit (range 6) 24671 | -3/Quarantine | Identified exit to Research 24692 | -3/Quarantine | Spotted Alpha 7 24793 | -3/Quarantine | Found Alien Artifact 24822 | -3/Quarantine | Identified Subatomic Replicator 24852 | -3/Quarantine | Spotted Fortress 24868 | -3/Quarantine | Discovered new exit (range 6) 24869 | -3/Quarantine | Identified exit to Section 7 24880 | -3/Quarantine | Entered Section 7 24905 | -3/Section 7 | Spotted S7 Guard 24912 | -3/Section 7 | Found Alien Artifact 24912 | -3/Section 7 | Identified Integrated Thermoelectric Network 24912 | -3/Section 7 | Installed Integrated Thermoelectric Network, gained heat-energy exchange potential 24988 | -3/Section 7 | Found Integrated Dissipator 24988 | -3/Section 7 | Installed Integrated Dissipator, increased core heat dissipation (+20) 25172 | -3/Section 7 | Build established: Wizard-Scout 25191 | -3/Section 7 | Found Alien Artifact 25191 | -3/Section 7 | Identified Integrated Reactor 25191 | -3/Section 7 | Installed Integrated Reactor, increased core energy generation (+10) 25199 | -3/Section 7 | Spotted S7 Guard 25306 | -3/Section 7 | Found Alien Artifact 25306 | -3/Section 7 | Identified Core Membrane 25306 | -3/Section 7 | Installed Core Membrane, gained immunity to corruption 25669 | -3/Section 7 | Found Integrated Dissipator 25669 | -3/Section 7 | Installed Integrated Dissipator, increased core heat dissipation (+20) 25685 | -3/Section 7 | Spotted Alpha 7 25686 | -3/Section 7 | Spotted Alpha 7 25689 | -3/Section 7 | Spotted B-99 Colossus 25704 | -3/Section 7 | Found Alien Artifact 25704 | -3/Section 7 | Identified Core Expander 25704 | -3/Section 7 | Installed Core Expander, added new Utility slot 25708 | -3/Section 7 | Found Core Expander 25708 | -3/Section 7 | Installed Core Expander, added new Utility slot 25710 | -3/Section 7 | Found Core Expander 25710 | -3/Section 7 | Installed Core Expander, added new Weapon slot 25718 | -3/Section 7 | Found Alien Artifact 25718 | -3/Section 7 | Identified LRC Energy Well 25718 | -3/Section 7 | Installed LRC Energy Well, increased energy storage capacity (+250) 25798 | -3/Section 7 | Found Integrated Dissipator 25798 | -3/Section 7 | Installed Integrated Dissipator, increased core heat dissipation (+20) 25826 | -3/Section 7 | Spotted Executioner 25826 | -3/Section 7 | Spotted Executioner 25834 | -3/Section 7 | Build established: Wizard-Sprinter 25843 | -3/Section 7 | Spotted S7 Guard 25885 | -3/Section 7 | Entered Research 25885 | -2/Research | Warlord forces began assault on 0b10 25885 | -2/Research | Evolved 2 slots: Power x1, Propulsion x1 25981 | -2/Research | Repaired Exp. Utility Shielding 25995 | -2/Research | Research machine network offline 26015 | -2/Research | Repaired Mni. Grenade Launcher 26036 | -2/Research | Found Spectral Analyzer 26055 | -2/Research | Discovered new exit (range 24) 26063 | -2/Research | Identified exit to Testing 26094 | -2/Research | Met up with Warlord 26108 | -2/Research | Borebot progress halted 26141 | -2/Research | Discovered new exit (range 23) 26150 | -2/Research | Build established: Wizard-Ninja 26154 | -2/Research | Identified exit to Access 26156 | -2/Research | Discovered exit to Testing (range 23) 26245 | -2/Research | Spotted B-90 Cyclops 26307 | -2/Research | Found Prototype Processor 26316 | -2/Research | Identified Exp. Terrain Scan Processor 26327 | -2/Research | Spotted Striker 26386 | -2/Research | Spotted Executioner 26395 | -2/Research | Spotted Executioner 26420 | -2/Research | Spotted B-90 Cyclops 26479 | -2/Research | Borebot progress halted 26479 | -2/Research | Found Enh. Force Lance 26506 | -2/Research | Build established: Wizard-Scout 26563 | -2/Research | Found Prototype Device 26584 | -2/Research | Borebot progress halted 26823 | -2/Research | Found Exp. Signal Interpreter 26953 | -2/Research | Found Particle Cleaver 26960 | -2/Research | Identified Exp. Transmission Jammer 26985 | -2/Research | Build established: Wizard-Ninja 27000 | -2/Research | Spotted Executioner 27059 | -2/Research | Warlord destroyed during the assault 27059 | -2/Research | Spotted B-90 Cyclops 27187 | -2/Research | Found Exp. Core Analyzer 27295 | -2/Research | Discovered exit to Access (range 19) 27340 | -2/Research | Spotted Executioner 27350 | -2/Research | Spotted Executioner 27350 | -2/Research | Spotted Striker 27350 | -2/Research | Entered Testing 27472 | -2/Testing | Spotted QO-IQI(L) 27472 | -2/Testing | Spotted PP-X2G2261IHK 27511 | -2/Testing | Lost 3 allies 27759 | -2/Testing | Repaired Broken Imp. Diametric Drive 27834 | -2/Testing | Found Prototype Slashing Weapon 27834 | -2/Testing | Identified Nanosword 27839 | -2/Testing | Found Mni. Smartbomb Launcher 27841 | -2/Testing | Found Mni. Smartbomb Launcher 27874 | -2/Testing | Repaired Broken Kinetic Spear 27928 | -2/Testing | Found Prototype Energy Gun 27928 | -2/Testing | Identified Tachyon Dispersion Ray 28073 | -2/Testing | Fabricated Cld. Q-thruster (x1) 28100 | -2/Testing | First assault squad dispatched 28137 | -2/Testing | Entered Access 28242 | -1/Access | Identified exit to Command 28346 | -1/Access | Spotted B-99 Colossus 28386 | -1/Access | Spotted B-99 Colossus 28388 | -1/Access | Spotted B-99 Colossus 28592 | -1/Access | Fabricated Exp. Melee Analysis Suite? 28755 | -1/Access | Lost 3 allies 28873 | -1/Access | Fabricated Exp. Melee Analysis Suite? 28994 | -1/Access | System Mapper fried by hacking feedback 29137 | -1/Access | First assault squad dispatched 29295 | -1/Access | Build established: Hacker-Ninja 29555 | -1/Access | Discovered new exit (range 5) 29556 | -1/Access | Identified exit to Surface 29585 | -1/Access | Found Exp. Transmission Jammer 30185 | -1/Access | Entered Command 30279 | -1/Command | Phase Generator disabled 30395 | -1/Command | High security lockdown imminent 30451 | -1/Command | Failed to warp due to unstable space 30455 | -1/Command | Used Subatomic Replicator to replicate Nanoactuators 30475 | -1/Command | High security lockdown engaged 30543 | -1/Command | Spotted M Guard 30544 | -1/Command | Spotted M Guard 30544 | -1/Command | Spotted Combat Programmer 30544 | -1/Command | Spotted Combat Programmer 30546 | -1/Command | Destroyed Combat Programmer 30567 | -1/Command | Released all parts (12) 30567 | -1/Command | Spotted Striker 30568 | -1/Command | Spotted Executioner 30570 | -1/Command | Core integrity fell below 50% 30597 | -1/Command | Lost 12 parts (3p3n6u) 30598 | -1/Command | Core integrity fell below 20% 30610 | -1/Command | Destroyed by S-43 Plague with Heavy Machine Gun Last Messages --------------- 30568_ Core Membrane filtered system corruption (1). 30568_ C-30 ARC bursts open, deploying its payload. 30568_ P-80 Master unfolds itself. 30568_ Executioner unfolds itself. 30568_ P-80 Master unfolds itself. 30568_ I-47 Archangel unfolds itself. 30568_ Slug penetrates S-43 Plague. 30568_ Slug penetrates Door. 30569_ Penetrated by EMDS Slug. 30569_ Core Membrane filtered system corruption (1). 30570_ C-30 ARC bursts open, deploying its payload. 30570_ G-73 Enforcer unfolds itself. 30570_ P-80 Master knocked back. 30571_ R-10 Processor collects Nanoactuators. 30575_ E-15 Imp destroyed. 30595_ ALERT: Assault forces dispatched. 30596_ EMDS Slug penetrates Wall. 30598_ Penetrated by EMDS Slug. 30608_ Penetrated by Slug. 30608_ R-10 Processor inserts Hcp. Matter Pod into recycling unit. Map ----- +----------------------------------------------------+ | ?# ! ######### #?####+##+##??# # | | ?# #???????# #?# #??# + | | ?#### #####??????## ### #??#### # | | ??# #?????????# ## "" #?????# ## | | ??# ########??# "" ## """" #?????# ## | | ??# = # #??# "T ##* """" #?????# ## * | | ??# [ !# #??# ## "" +???? / | | ??##![## #??## ### ! #???#### ##### | | ???# ## [ #???# #?# #??????# #???# | | ???# ## #???# #?# = #??????# #???# | | ???# ## #???# #######+#######???# #???##### | | ???# ##+########## """""""""?" ? | | ##?# """"T"""" ???????? | | #?# ???????? | | #?# ### ##/####### ???????? | | #?# #"" # #?# s ???????? | | #### #"" # #?# ???????? | | #"" # ! = #?# ???????? | | #T # = #?# ???????? | | #"" # #?# ???????? | | #"" # #?# ####### ???????? | | #### #"" ########?# #?????? ????????? | | #?# ### #????????# #??????? ?????????? | | #?# ### ########## #???????????????????? | | #?# ^^ = #???????????????????? | | ##?# ^^ @ #???????????????????? | | ?###/############## #???????????????????? | | ?# #?????# #???????????????????? | | ?# * ####### #####???????????????? | | ?#" + !! #???????????????? | | ?#"" "" # Eg ![ #??????????????!? | | ?#"" """" #+###+#########g######???????????????? | | ?#"" """" # #?# #????????????????? | | ?#"" "" # #?# #????????????????? | | ?#"T # "" #?# k"" #????????????????? | | ?#"" # """ #?# "" #????????????????? | | ?#"" "" # T" ### Y" #????????????????? | | ?#"" """" # """ / / "" #????H???????????? | | ?#"" """" + "" ### "" #????????????????? | | ?#" "" # #?# #????????????????? | | ## #! #?# #????????????????? | | # ##########?#/########????????????????? | | ## #######/##?????###### #???????????????????????? | | ?######??# #??????# ## #########???????????????? | | ?# #??# #?????### ^ #????????? | | ?#= #### ####### # # ####### #????????? | | ?#= ! + + ##?????????????????????? | | ?# ! # # #?????????????????????? | | ?# # # ##?????????????????????? | | ?###### ^ # #??????????????????????? | +----------------------------------------------------+ Best States ------------- Heat Dissipation 132 Energy Generation 59 Energy Capacity 605 Matter Stores 300 Matter Capacity 300 Sight Range 24 Robot Scan Range 20 Terrain Scan Density 10 ECM Strength 1 Jamming Range 22 Power Amplification 30 Additional Mass Support 16 Armor Coverage 300 Resistance: TH 30 Propulsion Shielding 90 Utility Shielding 90 Point Defense Rating 240 Melee Speed Boost 50 Phase Shifting 20 Evasion (%) 86 Melee Accuracy 24 Target Analysis 6 Core Analysis 12 Recoil Reduction 4 Matter Filtering 30 Salvage Targeting 2 Offensive Hacking 48 Defensive Hacking 36 Trap Extractor Capacity 6 Item Schematics ----------------- Med. Storage Unit | -9/Materials | Scanalyzed Mni. Grenade Launcher | -9/Materials | Scanalyzed Seismic Detector | -9/Materials | Scanalyzed Imp. VTOL Module | -9/Materials | Scanalyzed Hcp. Storage Unit | -9/Materials | Scanalyzed Imp. Trap Extractor | -9/Materials | Scanalyzed Exp. Sensor Array | -8/Materials | Scanalyzed Imp. Datajack | -7/Factory | Scanalyzed Transmission Jammer | -7/Factory | Scanalyzed Combat Drone Bay | -7/Data Miner | Free Lgt. Regenerative Plating | -7/Data Miner | Free Cld. Cesium-ion Thruster | -7/Data Miner | Free Exp. Targeting Computer | -7/Data Miner | Free Imp. Heavy Laser | -7/Data Miner | Free Cmb. Gravmag System | -7/Data Miner | Free Adv. Shield Generator | -7/Data Miner | Free Adv. Plasma Cannon | -7/Data Miner | Free Mic. Fission Core | -7/Data Miner | Free Point Defense Array | -7/Data Miner | Free Cld. VTOL Module | -6/Factory | Hacked Adv. Terrain Scan Processor | -6/Factory | Scanalyzed Adv. Terrain Scanner | -6/Factory | Scanalyzed Imp. Utility Shielding | -6/Factory | Scanalyzed Adv. Hacking Suite | -6/Factory | Hacked Adv. Signal Interpreter | -6/Factory | Hacked Adv. Melee Analysis Suite | -6/Factory | Hacked Power Sword | -6/Factory | Hacked Imp. Transmission Jammer | -6/Zion | Archive Enh. Gauss Cannon | -6/Zion | Archive Mak. Sensor Array | -6/Zion | Archive Phasing Sabre | -6/Zion | Archive Thermal Shield | -6/Zion | Archive Remote Shield | -6/Zion | Archive Remote Force Field | -6/Zion | Archive Imp. Thermal Generator | -6/Zion | Archive Hyp. Gauss Rifle | -6/Zion | Archive Imp. Launcher Guidance Computer | -6/Zion | Archive Power Amplifier | -6/Zion | Archive Lyr. Heavy Armor Plating | -6/Zion | Archive Fission Core | -6/Zion | Archive Adv. Thermal Shield | -6/Zion | Archive Imp. Light Armor Plating | -5/Factory | Scanalyzed ECM Suite | -5/Factory | Scanalyzed Lgt. Fission Core | -5/Factory | Scanalyzed Cld. Plasma Cannon | -5/Factory | Hacked Exp. Utility Shielding | -4/Factory | Hacked Mni. Smartbomb Launcher | -4/Factory | Hacked Adv. Variable Charge Gun | -4/Factory | Hacked Imp. Diametric Drive | -4/Factory | Hacked Adv. Gravity Neutralizer | -4/Factory | Hacked Nanoactuators | -4/Factory | Hacked Assault Drone Bay | -4/Zhirov | Free Exp. Heat Sink | -4/Zhirov | Free Exp. Optical Array | -4/Zhirov | Free Imp. Arc Thrower | -4/Zhirov | Free Exp. Signal Interpreter | -3/Research | Hacked Mic. Antimatter Reactor | -3/Research | Scanalyzed Com. Particle Reactor | -3/Research | Scanalyzed Exp. Propulsion Shielding | -3/Research | Scanalyzed Graphene Brace | -3/Research | Scanalyzed Cld. Field Propulsion Drive | -3/Research | Scanalyzed Exp. Melee Analysis Suite | -3/Quarantine | Hacked Antimissile System | -3/Quarantine | Scanalyzed Adv. Recalibrator | -3/Section 7 | Hacked Enh. Armored Heavy Treads | -3/Section 7 | Hacked Imp. Q-thruster | -2/Testing | Archive Spectral Analyzer | -2/Testing | Archive Robot Schematics ------------------ W-16 Scout | -10/Materials | Hacked S-10 Pest | -10/Materials | Hacked G-34 Mercenary | -10/Materials | Hacked W-25 Informer | -7/Data Miner | Free M-22 Extractor | -7/Data Miner | Free Y-54 Guardian | -7/Data Miner | Free S-27 Virus | -7/Data Miner | Free X-67 Chaingunner | -7/Data Miner | Free E-15 Imp | -7/Data Miner | Free Y-64 Sentinel | -7/Data Miner | Free A-02 Transporter | -6/Zion | Archive K-01 Serf | -6/Zion | Archive C-57 Dissector | -6/Zion | Archive A-27 Freighter | -2/Testing | Archive G-73 Enforcer | -2/Testing | Archive T-07 Excavator | -2/Testing | Archive Fabricated ------------ Adv. Hacking Suite | x1 | -6/Factory Adv. Hacking Suite | x1 | -6/Factory Cld. VTOL Module | x1 | -6/Factory Cld. VTOL Module | x1 | -6/Factory Adv. Signal Interpreter | x2 | -5/Factory Cld. Cesium-ion Thruster | x1 | -4/Factory Exp. Utility Shielding | x1 | -4/Factory Imp. Diametric Drive | x1 | -3/Research Cld. Q-thruster | x1 | -2/Testing | Preloaded Exp. Melee Analysis Suite | x1 | -1/Access Exp. Melee Analysis Suite | x1 | -1/Access Alien Tech Used ----------------- Integrated Dissipator Core Stripper Phase Armor Integrated Thermoelectric Network Integrated Reactor Core Membrane Core Expander LRC Energy Well Transdimensional Reconstructor Subatomic Replicator Achievements -------------- Great Explorer Sunderer Challenges ------------ None Game ------ Seed UtilityMetafiberCannon Manual? 0 Play Time 14:27:28 Cumulative 459.3 hours Start 2024.06.08 @ 13:54:29 End 2024.06.13 @ 13:38:34 Sessions 25 Manual Loads 0 Difficulty Rogue Special Mode None Game No. 138 Rogue 99 Adventurer 0 Explorer 39 Win Type - Total 13 Types 11/1/1/0/0/0/0/0/0 Lore% 76 Gallery% 82 Achievement% 71 Wizard Run 0 Options --------- Layout 0 ASCII 1 Keyboard 1 Movement Arrows Keybinds 0 Fullscreen 2 Font 36/Smallcaps Map View 76x50 Zoom Use 0% Tactical HUD 1 Map Filters NONE Filters NONE Steam 1 RUN: e7c10d98-c43c-4b94-87bb-953024184b76